Workbook
Name Excel_BuiltIn__FilterDatabase: 'Приложение 2'!$A$6:$L$119
Name Excel_BuiltIn__FilterDatabase: 'Приложение 3'!$A$6:$K$119
Name Excel_BuiltIn__FilterDatabase: 'Приложение 4'!$A$7:$L$70
Name Excel_BuiltIn__FilterDatabase: 'Приложение 5'!$A$6:$K$67

Sheet Приложение 1 
A1: , | C1: Приложение 1 к решению Совета депутатов Сабаевского сельского поселения «О бюджете Сабаевского сельского поселения на 2023 год и на плановый период 2024 и 2025 годов» от __________г №_____
A7: ДОХОДЫ БЮДЖЕТА САБАЕВСКОГО СЕЛЬСКОГО ПОСЕЛЕНИЯ РЕСПУБЛИКИ МОРДОВИЯ НА 2023 ГОД И НА ПЛАНОВЫЙ ПЕРИОД 2024 И 2025 ГОДОВ
E8: (тыс. рублей)
A9: Код | B9: Наименование | C9: Сумма
C10: 2023 год | D10: 2024 год | E10: 2025 год
A11: 1 | B11: 2 | C11: 3 | D11: 4 | E11: 5
A12: 85000000000000000 | B12: ДОХОДЫ БЮДЖЕТА -ВСЕГО | C12: =C13+C27 -> 2441.5 | D12: =D13+D27 -> 2481 | E12: =E13+E27 -> 2499
A13: 10000000000000000 | B13: НАЛОГОВЫЕ И НЕНАЛОГОВЫЕ ДОХОДЫ | C13: =C14+C18+C22 -> 1350.7 | D13: =D14+D18+D22 -> 1372.1 | E13: =E14+E18+E22 -> 1385.8
A14: 10100000000000000 | B14: НАЛОГИ НА ПРИБЫЛЬ, ДОХОДЫ | C14: =C15 -> 80.4 | D14: =D15 -> 88.1 | E14: =E15 -> 94.8
A15: 10102000010000110 | B15: Налог на доходы физических лиц | C15: =C16 -> 80.4 | D15: =D16 -> 88.1 | E15: =E16 -> 94.8
A16: 10102010010000110 | B16: Налог на доходы физических лиц с доходов, источником которых является налоговый агент, за исключением доходов, в отношении которых исчисление и уплата налога осуществляются в соответствии со статьями 227, 2271 и 228 Налогового кодекса Российской Федерации | C16: =C17 -> 80.4 | D16: =D17 -> 88.1 | E16: =E17 -> 94.8
A17: 10102010011000110 | B17: Налог на доходы физических лиц с доходов, источником которых является налоговый агент, за исключением доходов, в отношении которых исчисление и уплата налога осуществляются в соответствии со статьями 227, 2271 и 228 Налогового кодекса Российской Федерации (сумма платежа (перерасчеты, недоимка и задолженность по соответствующему платежу, в том числе по отмененному) | C17: 80.4 | D17: 88.1 | E17: 94.8
A18: 10600000000000000 | B18: НАЛОГ НА ИМУЩЕСТВО | C18: =C19 -> 437.1 | D18: =D19 -> 443.8 | E18: =E19 -> 443.8
A19: 10601000000000110 | B19: Налог на имущество физических лиц | C19: =C20 -> 437.1 | D19: =D20 -> 443.8 | E19: =E20 -> 443.8
A20: 10601030100000110 | B20: Налог на имущество физических лиц, взимаемый по ставкам, применяемым к объектам налогообложения, расположенным в границах сельских поселений | C20: =C21 -> 437.1 | D20: =D21 -> 443.8 | E20: =E21 -> 443.8
A21: 10601030101000110 | B21: Налог на имущество физических лиц, взимаемый по ставкам, применяемым к объектам налогообложения, расположенным в границах сельских поселений (сумма платежа (перерасчеты, недоимка и задолженность по соответствующему платежу, в том числе по отмененному) | C21: 437.1 | D21: 443.8 | E21: 443.8
A22: 10606000000000110 | B22: ЗЕМЕЛЬНЫЙ НАЛОГ | C22: =C23+C24 -> 833.2 | D22: =D23+D24 -> 840.2 | E22: =E23+E24 -> 847.2
A23: 10606033100000110 | B23: Земельный налог с организаций | C23: 246 | D23: 246 | E23: 246
A24: 10606040000000110 | B24: Земельный налог с физических лиц | C24: =C25 -> 587.2 | D24: =D25 -> 594.2 | E24: =E25 -> 601.2
A25: 10606043100000110 | B25: Земельный налог с физических лиц, обладающих земельным участком, расположенным в границах сельских поселений | C25: =C26 -> 587.2 | D25: =D26 -> 594.2 | E25: =E26 -> 601.2
A26: 10606043101000110 | B26: Земельный налог с физических лиц, обладающих земельным участком, расположенным в границах сельских поселений (сумма платежа (перерасчеты, недоимка и задолженность по соответствующему платежу, в том числе по отмененному) | C26: 587.2 | D26: 594.2 | E26: 601.2
A27: 20200000000000000 | B27: Безвозмездные поступления от других бюджетов бюджетной системы Российской Федерации | C27: =C28+C32+C33+C38 -> 1090.8 | D27: =D28+D32+D33+D38 -> 1108.9 | E27: =E28+E32+E33+E38 -> 1113.2
A28: 20210000000000150 | B28: Дотации бюджетам бюджетной системы Российской Федерации | C28: =C31 -> 206 | D28: =D31 -> 0 | E28: =E31 -> 0
A29: 20215001000000150 | B29: Дотации на выравнивание бюджетной обеспеченности | C29: =C30 -> 0 | D29: =D30 -> 0 | E29: =E30 -> 0
A30: 20215001100000150 | B30: Дотации бюджетам сельских поселений на выравнивание бюджетной обеспеченности
A31: 20215002100000150 | B31: Дотации бюджетам сельских поселений на поддержку мер по обеспечению сбалансированности бюджетов | C31: 206
A32: 20220000000000150 | B32: Субсидии бюджета бюджетной системы (межбюджетные субсидии) | C32: 250.7
A33: 20230000000000150 | B33: Субвенции от других бюджетов бюджетной системы Российской Федерации | C33: =C34+C36 -> 109.8 | D33: =D34+D36 -> 114.9 | E33: =E34+E36 -> 119.2
A34: 20235118000000150 | B34: Субвенции бюджетам на осуществление первичного воинского учета на территориях, где отсутствуют военные комиссариаты | C34: =C35 -> 109.3 | D34: =D35 -> 114.4 | E34: =E35 -> 118.7
A35: 20235118100000150 | B35: Субвенции бюджетам сельских поселений на осуществление первичного воинского учета на территориях, где отсутствуют военные комиссариаты | C35: 109.3 | D35: 114.4 | E35: 118.7
A36: 20230024000000150 | B36: Субвенции бюджетам муниципальных районов на выполнение передаваемых полномочий субъектов Российской Федерации | C36: =C37 -> 0.5 | D36: =D37 -> 0.5 | E36: =E37 -> 0.5
A37: 20230024100000150 | B37: Субвенция на реализацию госполномочий по определению перечня должностных лиц, уполномоченных составлять протоколы об административных правонарушениях | C37: 0.5 | D37: 0.5 | E37: 0.5
A38: 20240000000000150 | B38: Иные межбюджетные транферты | C38: =C39 -> 524.3 | D38: =D39 -> 994 | E38: =E39 -> 994
A39: 20240014000000150 | B39: Межбюджетные трансферты, передаваемые бюджетам муниципальных образований на осуществление части полномочий по решению вопросов местного значения в соответствии с заключенными соглашениями | C39: =C40 -> 524.3 | D39: =D40 -> 994 | E39: =E40 -> 994
A40: 20240014100000150 | B40: Межбюджетные трансферты, передаваемые бюджетам сельских поселений из бюджетов муниципальных районов на осуществление части полномочий по решению вопросов местного значения в соответствии с заключенными соглашениями | C40: =5+519.3 -> 524.3 | D40: =5+989 -> 994 | E40: =5+989 -> 994

Sheet Приложение 2
I1: Приложение 2 к решению Совета депутатов Сабаевского сельского поселения «О бюджете Сабаевского сельского поселения на 2023 год и на плановый период 2024 и 2025 годов» от __________г №_____
A2: ВЕДОМСТВЕННАЯ СТРУКТУРА РАСХОДОВ БЮДЖЕТА САБАЕВСКОГО СЕЛЬСКОГО ПОСЕЛЕНИЯ НА 2023 ГОД И НА ПЛАНОВЫЙ ПЕРИОД 2024 И 2025 ГОДОВ
I3: (тыс. рублей)
A4: Наименование | B4: Адм | C4: Рз | D4: Прз | E4: Цср | I4: Вр | J4: Сумма
J5: 2023 год | K5: 2024 год | L5: 2025 год
A6: 1 | B6: 2 | C6: 3 | D6: 4 | E6: 5 | F6: 6 | G6: 7 | H6: 8 | I6: 9 | J6: 10 | K6: 11 | L6: 12
A7: ВСЕГО | B7: 920 | D7: + | J7: =J8+J55+J71+J84+J106+J113+J120+J64 -> 2441.54 | K7: =K8+K55+K71+K84+K106+K113+K120+K64 -> 2480.95 | L7: =L8+L55+L71+L84+L106+L113+L120+L64 -> 2499
A8: Общегосударственные вопросы | B8: 920 | C8: 01 | J8: =J9+J19+J49+J37+J43 -> 1340.94 | K8: =K9+K19+K37+K49 -> 1061.6 | L8: =L9+L19+L49+L37 -> 1075.3
A9: Функционирование высшего должностного лица субъекта Российской Федерации и муниципального образования | B9: 920 | C9: 01 | D9: 02 | J9: =J10 -> 381.2 | K9: =K10 -> 331.2 | L9: =L10 -> 331.2
A10: Обеспечение деятельности администрации Сабаевского сельского поселения Кочкуровского муниципального района Республики Мордовия | B10: 920 | C10: 01 | D10: 02 | E10: 65 | J10: =J11 -> 381.2 | K10: =K11 -> 331.2 | L10: =L11 -> 331.2
A11: Глава Сабаевского сельского поселения Кочкуровского муниципального района Республики Мордовия | B11: 920 | C11: 01 | D11: 02 | E11: 65 | F11: 1 | G11: 00 | J11: =J12+J15 -> 381.2 | K11: =K12 -> 331.2 | L11: =L12 -> 331.2
A12: Расходы на выплаты по оплате труда высшего должностного лица | B12: 920 | C12: 01 | D12: 02 | E12: 65 | F12: 1 | G12: 00 | H12: 41150 | J12: =J13 -> 231.2 | K12: =K13 -> 331.2 | L12: =L13 -> 331.2
A13: Расходы на выплаты персоналу в целях обеспечения выполнения функций государственными (муниципальными) органами, казенными учреждениями, органами управления государственными внебюджетными фондами | B13: 920 | C13: 01 | D13: 02 | E13: 65 | F13: 1 | G13: 00 | H13: 41150 | I13: 100 | J13: =J14 -> 231.2 | K13: =K14 -> 331.2 | L13: =L14 -> 331.2
A14: Расходы на выплаты персоналу государственных (муниципальных) органов | B14: 920 | C14: 01 | D14: 02 | E14: 65 | F14: 1 | G14: 00 | H14: 41150 | I14: 120 | J14: =181.2+50 -> 231.2 | K14: 331.2 | L14: 331.2 | M14: глава 1,2 статья
A15: Субсидии на софинансирование расходных обязательств поселений | B15: 920 | C15: 01 | D15: 02 | E15: 65 | F15: 1 | G15: 00 | H15: 44200 | J15: =J16 -> 150
A16: Субсидии на софинансирование расходных обязательст по финансовому обеспечению деятельности органов местного самоуправления и муниципальных учреждений | B16: 920 | C16: 01 | D16: 02 | E16: 65 | F16: 1 | G16: 00 | H16: 44205 | J16: =J17 -> 150
A17: Расходы на выплаты персоналу в целях обеспечения выполнения функций государственными (муниципальными) органами, казенными учреждениями, органами управления государственными внебюджетными фондами | B17: 920 | C17: 01 | D17: 02 | E17: 65 | F17: 1 | G17: 00 | H17: 44205 | I17: 100 | J17: =J18 -> 150
A18: Расходы на выплаты персоналу государственных (муниципальных) органов | B18: 920 | C18: 01 | D18: 02 | E18: 65 | F18: 1 | G18: 00 | H18: 44205 | I18: 120 | J18: 150
A19: Функционирование Правительства Российской Федерации, высших исполнительных органов государственной власти субъектов Российской Федерации, местных администраций | B19: 920 | C19: 01 | D19: 04 | J19: =J20 -> 922 | K19: =K20 -> 720.4 | L19: =L20 -> 734.1
A20: Обеспечение деятельности администрации Сабаевского сельского поселения Кочкуровского муниципального района Республики Мордовия | B20: 920 | C20: 01 | D20: 04 | E20: 65 | J20: =J21 -> 922 | K20: =K21 -> 720.4 | L20: =L21 -> 734.1
A21: Непрограммные расходы в рамках обеспечения деятельности администрации Сабаевского сельского поселения Кочкуровского муниципального района Республики Мордовия | B21: 920 | C21: 01 | D21: 04 | E21: 65 | F21: 4 | J21: =J22+J25+J34+J30 -> 922 | K21: =K22+K25+K34 -> 720.4 | L21: =L22+L25+L34 -> 734.1
A22: Расходы на выплаты по оплате труда работников органов местного самоуправления | B22: 920 | C22: 01 | D22: 04 | E22: 65 | F22: 4 | G22: 00 | H22: 41110 | J22: =J23 -> 508.6 | K22: =K23 -> 445.7 | L22: =L23 -> 462.9
A23: Расходы на выплаты персоналу в целях обеспечения выполнения функций государственными (муниципальными) органами, казенными учреждениями, органами управления государственными внебюджетными фондами | B23: 920 | C23: 01 | D23: 04 | E23: 65 | F23: 4 | G23: 00 | H23: 41110 | I23: 100 | J23: =J24 -> 508.6 | K23: =K24 -> 445.7 | L23: =L24 -> 462.9
A24: Расходы на выплаты персоналу государственных (муниципальных) органов | B24: 920 | C24: 01 | D24: 04 | E24: 65 | F24: 4 | G24: 00 | H24: 41110 | I24: 120 | J24: =426+82.6 -> 508.6 | K24: 445.7 | L24: 462.9 | M24: аппарат, 1,2 статья
A25: Расходы на обеспечение функций органов местного самоуправления | B25: 920 | C25: 01 | D25: 04 | E25: 65 | F25: 4 | G25: 00 | H25: 41120 | J25: =J26+J28 -> 312.2 | K25: =K26+K28 -> 274.2 | L25: =L26+L28 -> 270.7
A26: Закупка товаров, работ и услуг для обеспечения государственных (муниципальных) нужд | B26: 920 | C26: 01 | D26: 04 | E26: 65 | F26: 4 | G26: 00 | H26: 41120 | I26: 200 | J26: =J27 -> 142.2 | K26: =K27 -> 148.2 | L26: =L27 -> 143.2
A27: Иные закупки товаров, работ и услуг для обеспечения государственных (муниципальных) нужд | B27: 920 | C27: 01 | D27: 04 | E27: 65 | F27: 4 | G27: 00 | H27: 41120 | I27: 240 | J27: 142.2 | K27: 148.2 | L27: 143.2 | M27: расходы
A28: Иные бюджетные ассигнования | B28: 920 | C28: 01 | D28: 04 | E28: 65 | F28: 4 | G28: 00 | H28: 41120 | I28: 800 | J28: =J29 -> 170 | K28: =K29 -> 126 | L28: =L29 -> 127.5
A29: Уплата налогов, сборов и иных платежей | B29: 920 | C29: 01 | D29: 04 | E29: 65 | F29: 4 | G29: 00 | H29: 41120 | I29: 850 | J29: =120+50 -> 170 | K29: 126 | L29: 127.5 | M29: налоги
A30: Субсидии на софинансирование расходных обязательств поселений | B30: 920 | C30: 01 | D30: 04 | E30: 65 | F30: 4 | G30: 00 | H30: 44200 | J30: =J31 -> 100.7
A31: Субсидии на софинансирование расходных обязательств по финансовому обеспечению деятельности органов местного самоуправления и муниципальных учреждений | B31: 920 | C31: 01 | D31: 04 | E31: 65 | F31: 4 | G31: 00 | H31: 44205 | J31: =J32 -> 100.7
A32: Расходы на выплаты персоналу в целях обеспечения выполнения функций государственными (муниципальными) органами, казенными учреждениями, органами управления государственными внебюджетными фондами | B32: 920 | C32: 01 | D32: 04 | E32: 65 | F32: 4 | G32: 00 | H32: 44205 | I32: 100 | J32: =J33 -> 100.7
A33: Расходы на выплаты персоналу государственных (муниципальных) органов | B33: 920 | C33: 01 | D33: 04 | E33: 65 | F33: 4 | G33: 00 | H33: 44205 | I33: 120 | J33: 100.7
A34: Осуществление государственных полномочий Республики Мордовия по определению перечня должностных лиц, уполномоченных составлять протоколы об административных правонарушениях, предусмотренных Законом Республики Мордовия от 15 июня 2015 года № 38-З "Об административной ответственности на территории Республики Мордовия" | B34: 920 | C34: 01 | D34: 04 | E34: 65 | F34: 4 | G34: 00 | H34: 77150 | J34: =J35 -> 0.5 | K34: =K35 -> 0.5 | L34: =L35 -> 0.5
A35: Закупка товаров, работ и услуг для обеспечения государственных (муниципальных) нужд | B35: 920 | C35: 01 | D35: 04 | E35: 65 | F35: 4 | G35: 00 | H35: 77150 | I35: 200 | J35: =J36 -> 0.5 | K35: =K36 -> 0.5 | L35: =L36 -> 0.5
A36: Иные закупки товаров, работ и услуг для обеспечения государственных (муниципальных) нужд | B36: 920 | C36: 01 | D36: 04 | E36: 65 | F36: 4 | G36: 00 | H36: 77150 | I36: 240 | J36: 0.5 | K36: 0.5 | L36: 0.5
A37: Обеспечение деятельности финансовых, налоговых и таможенных органов и органов финансового (финансово-бюджетного) надзора | B37: 920 | C37: 01 | D37: 06 | J37: =J38 -> 4.3 | K37: =K38 -> 0 | L37: =L38 -> 0
A38: Непрограммные расходы главных распорядителей бюджетных средств местного бюджета | B38: 920 | C38: 01 | D38: 06 | E38: 89 | J38: =J39 -> 4.3 | K38: =K39 -> 0 | L38: =L39 -> 0
A39: Непрограммные расходы в рамках обеспечения деятельности главных распорядителей бюджетных средств местного бюджета | B39: 920 | C39: 01 | D39: 06 | E39: 89 | F39: 1 | J39: =J40 -> 4.3 | K39: =K40 -> 0 | L39: =L40 -> 0
A40: Иные межбюджетные трансферты на осуществление полномочий по составлению и рассмотрению проекта бюджета поселения, утверждению и исполнению бюджета поселения, осуществлению контроля за его исполнением, составлению и утверждению отчета об исполнении бюджета поселения | B40: 920 | C40: 01 | D40: 06 | E40: 89 | F40: 1 | G40: 00 | H40: 44501 | J40: =J41 -> 4.3 | K40: =K41 -> 0 | L40: =L41 -> 0
A41: Межбюджетные трансферты | B41: 920 | C41: 01 | D41: 06 | E41: 89 | F41: 1 | G41: 00 | H41: 44501 | I41: 500 | J41: =J42 -> 4.3 | K41: =K42 -> 0 | L41: =L42 -> 0
A42: Иныемежбюджетные трансферты | B42: 920 | C42: 01 | D42: 06 | E42: 89 | F42: 1 | G42: 00 | H42: 44501 | I42: 540 | J42: 4.3 | K42: 0 | L42: 0
A43: Обеспечение проведения выборов и референдумов | B43: 920 | C43: 01 | D43: 07 | J43: =J44 -> 23.44
A44: Непрограммные расходы главных распорядителей бюджетных средств местного бюджета | B44: 920 | C44: 01 | D44: 07 | E44: 89 | J44: =J45 -> 23.44
A45: Непрограммные расходы в рамках обеспечения деятельности главных распорядителей бюджетных средств местного бюджета | B45: 920 | C45: 01 | D45: 07 | E45: 89 | F45: 1 | G45: 00 | J45: =J46 -> 23.44
A46: Проведение выборов депутатов Совета депутатов Кочкуровского сельского поселения Кочкуровского муниципального района Республики Мордовия | B46: 920 | C46: 01 | D46: 07 | E46: 89 | F46: 1 | G46: 00 | H46: 41130 | J46: =J47 -> 23.44
A47: Иные бюджетные ассигнования | B47: 920 | C47: 01 | D47: 07 | E47: 89 | F47: 1 | G47: 00 | H47: 41130 | I47: 800 | J47: =J48 -> 23.44
A48: Специальные расходы | B48: 920 | C48: 01 | D48: 07 | E48: 89 | F48: 1 | G48: 00 | H48: 41130 | I48: 880 | J48: =23.44 -> 23.44
A49: Резервные фонды | B49: 920 | C49: 01 | D49: 11 | J49: =J50 -> 10 | K49: =K50 -> 10 | L49: =L50 -> 10
A50: Непрограммные расходы главных распорядителей бюджетных средств местного бюджета | B50: 920 | C50: 01 | D50: 11 | E50: 89 | J50: =J51 -> 10 | K50: =K51 -> 10 | L50: =L51 -> 10
A51: Непрограммные расходы в рамках обеспечения деятельности главных распорядителей бюджетных средств местного бюджета | B51: 920 | C51: 01 | D51: 11 | E51: 89 | F51: 1 | J51: =J52 -> 10 | K51: =K52 -> 10 | L51: =L52 -> 10
A52: Резервный фонд администрации Сабаевского сельского поселения Кочкуровского муниципального района Республики Мордовия | B52: 920 | C52: 01 | D52: 11 | E52: 89 | F52: 1 | G52: 00 | H52: 41180 | J52: =J53 -> 10 | K52: =K53 -> 10 | L52: =L53 -> 10
A53: Иные бюджетные ассигнования | B53: 920 | C53: 01 | D53: 11 | E53: 89 | F53: 1 | G53: 00 | H53: 41180 | I53: 800 | J53: =J54 -> 10 | K53: =K54 -> 10 | L53: =L54 -> 10
A54: Резервные средства | B54: 920 | C54: 01 | D54: 11 | E54: 89 | F54: 1 | G54: 00 | H54: 41180 | I54: 870 | J54: 10 | K54: 10 | L54: 10
A55: Национальная оборона | B55: 920 | C55: 02 | J55: =J56 -> 109.3 | K55: =K56 -> 114.4 | L55: =L56 -> 118.7
A56: Мобилизационная и вневойсковая подготовка | B56: 920 | C56: 02 | D56: 03 | J56: =J57 -> 109.3 | K56: =K57 -> 114.4 | L56: =L57 -> 118.7
A57: Непрограммные расходы главных распорядителей бюджетных средств местного бюджета | B57: 920 | C57: 02 | D57: 03 | E57: 89 | J57: =J58 -> 109.3 | K57: =K58 -> 114.4 | L57: =L58 -> 118.7
A58: Непрограммные расходы в рамках обеспечения деятельности главных распорядителей бюджетных средств местного бюджета | B58: 920 | C58: 02 | D58: 03 | E58: 89 | F58: 1 | J58: =J59 -> 109.3 | K58: =K59 -> 114.4 | L58: =L59 -> 118.7
A59: Осуществление государственных полномочий Российско Федерации по первичному воинскому учету на территориях, где отсутствуют военные комиссариаты | B59: 920 | C59: 02 | D59: 03 | E59: 89 | F59: 1 | G59: 00 | H59: 51180 | J59: =J60+J62 -> 109.3 | K59: =K60+K62 -> 114.4 | L59: =L60+L62 -> 118.7
A60: Расходы на выплаты персоналу в целях обеспечения выполнения функций государственными (муниципальными) органами, казенными учреждениями, органами управления государственными внебюджетными фондами | B60: 920 | C60: 02 | D60: 03 | E60: 89 | F60: 1 | G60: 00 | H60: 51180 | I60: 100 | J60: =J61 -> 99.1 | K60: =K61 -> 101 | L60: =L61 -> 104.6
A61: Расходы на выплаты персоналу государственных (муниципальных) органов | B61: 920 | C61: 02 | D61: 03 | E61: 89 | F61: 1 | G61: 00 | H61: 51180 | I61: 120 | J61: 99.1 | K61: 101 | L61: 104.6
A62: Закупка товаров, работ и услуг для обеспечения государственных (муниципальных) нужд | B62: 920 | C62: 02 | D62: 03 | E62: 89 | F62: 1 | G62: 00 | H62: 51180 | I62: 200 | J62: =J63 -> 10.2 | K62: =K63 -> 13.4 | L62: =L63 -> 14.1
A63: Иные закупки товаров, работ и услуг для обеспечения государственных (муниципальных) нужд | B63: 920 | C63: 02 | D63: 03 | E63: 89 | F63: 1 | G63: 00 | H63: 51180 | I63: 240 | J63: 10.2 | K63: 13.4 | L63: 14.1
A64: Национальная безопасность и правоохранительная деятельность | B64: 920 | C64: 03 | J64: =J65 -> 5 | K64: =K65 -> 5 | L64: =L65 -> 5
A65: Защита населения и территории от чрезвычайных ситуаций природного и техногенного характера, пожарная безопасность | B65: 920 | C65: 03 | D65: 10 | J65: =J66 -> 5 | K65: =K66 -> 5 | L65: =L66 -> 5
A66: Непрограммные расходы главных распорядителей бюджетных средств Республики Мордовия | B66: 920 | C66: 03 | D66: 10 | E66: 89 | J66: =J67 -> 5 | K66: =K67 -> 5 | L66: =L67 -> 5
A67: Непрограммные расходы в рамках обеспечения деятельности главных распорядителей бюджетных средств Республики Мордовия | B67: 920 | C67: 03 | D67: 10 | E67: 89 | F67: 1 | J67: =J68 -> 5 | K67: =K68 -> 5 | L67: =L68 -> 5
A68: Мероприятия по обеспечению пожарной безопасности | B68: 920 | C68: 03 | D68: 10 | E68: 89 | F68: 1 | G68: 00 | H68: 42120 | J68: =J69 -> 5 | K68: =K69 -> 5 | L68: =L69 -> 5
A69: Закупка товаров, работ и услуг для обеспечения государственных (муниципальных) нужд | B69: 920 | C69: 03 | D69: 10 | E69: 89 | F69: 1 | G69: 00 | H69: 42120 | I69: 200 | J69: =J70 -> 5 | K69: =K70 -> 5 | L69: =L70 -> 5
A70: Иные закупки товаров, работ и услуг для обеспечения государственных (муниципальных) нужд | B70: 920 | C70: 03 | D70: 10 | E70: 89 | F70: 1 | G70: 00 | H70: 42120 | I70: 244 | J70: 5 | K70: 5 | L70: 5
A71: Национальная экономика | B71: 920 | C71: 04 | J71: =J72+J78 -> 520.3 | K71: =K72+K78 -> 990 | L71: =L72+L78 -> 990
A72: Дорожное хозяйство (дорожные фонды) | B72: 920 | C72: 04 | D72: 09 | J72: =J73 -> 519.3 | K72: =K73 -> 989 | L72: =L73 -> 989
A73: Программа «Комплексное развитие транспортной инфраструктуры Сабаевского сельского поселения Кочкуровского муниципального района Республики Мордовия на 2021-2028 годы» | B73: 920 | C73: 04 | D73: 09 | E73: 13 | J73: =J74 -> 519.3 | K73: =K74 -> 989 | L73: =L74 -> 989
A74: Основное мероприятие "обеспечение сохранности автомобильных дорог местного значения путем выполнения эксплуатационных и ремонтных мероприятий; ямочный ремонт, разметка дорог, установка дорожных знаков, обкашивание дорожных обочин, очистка дорог от снега." | B74: 920 | C74: 04 | D74: 09 | E74: 13 | F74: 0 | G74: 01 | J74: =J75 -> 519.3 | K74: =K75 -> 989 | L74: =L75 -> 989
A75: Осуществление полномочий по дорожной деятельности в отношении автомобильных дорог местного значения в границах населенных пунктов поселения и обеспечению безопасности дорожного движения на них, включая создание и обеспечение функционирования парковок (парковочных мест), осуществление муниципального контроля за сохранностью автомобильных дорог местного значения в границах населенных пунктов поселения, организация дорожного движения, а также осуществление иных полномочий в области использования автомобильных дорог и осуществления дорожной деятельности в соответствии с законодательством Российской Федерации | B75: 920 | C75: 04 | D75: 09 | E75: 13 | F75: 0 | G75: 01 | H75: 44102 | J75: =J76 -> 519.3 | K75: =K76 -> 989 | L75: =L76 -> 989
A76: Закупка товаров, работ и услуг для обеспечения государственных (муниципальных) нужд | B76: 920 | C76: 04 | D76: 09 | E76: 13 | F76: 0 | G76: 01 | H76: 44102 | I76: 200 | J76: =J77 -> 519.3 | K76: =K77 -> 989 | L76: =L77 -> 989
A77: Иные закупки товаров, работ и услуг для обеспечения государственных (муниципальных) нужд | B77: 920 | C77: 04 | D77: 09 | E77: 13 | F77: 0 | G77: 01 | H77: 44102 | I77: 240 | J77: 519.3 | K77: 989 | L77: 989
A78: Другие вопросы в области национальной экономики | B78: 920 | C78: 04 | D78: 12 | J78: =J79 -> 1 | K78: =K79 -> 1 | L78: =L79 -> 1
A79: Непрограммные расходы главных распорядителей бюджетных средств Республики Мордовия | B79: 920 | C79: 04 | D79: 12 | E79: 89 | J79: =J80 -> 1 | K79: =K80 -> 1 | L79: =L80 -> 1
A80: Непрограммные расходы в рамках обеспечения деятельности главных распорядителей бюджетных средств Республики Мордовия | B80: 920 | C80: 04 | D80: 12 | E80: 89 | F80: 1 | J80: =J81 -> 1 | K80: =K81 -> 1 | L80: =L81 -> 1
A81: Осуществление полномочий по утверждению генеральных планов поселения, правил землепользования и застройки, утверждению подготовленной на основе генеральных планов поселения документации по планировке территории, выдаче градостроительного плана земельного участка, расположенного в границах поселения, выдаче разрешений на строительство (за исключением случаев, предусмотренных Градостроительным кодексом Российской Федерации, иными федеральными законами), разрешений на ввод объектов в эксплуатацию при осуществлении строительства, реконструкции объектов капитального строительства, расположенных на территории поселения, утверждению местных нормативов градостроительного проектирования поселений, резервированию земель и изъятию земельных участков в границах поселения для муниципальных нужд, осуществлению муниципального земельного контроля в границах поселения, осуществлению в случаях, предусмотренных Градостроительным кодексом Российской Федерации, осмотров зданий, сооружений и выдаче рекомендаций об устранении выявленных в ходе таких осмотров нарушений, направлению уведомления о соответствии указанных в уведомлении о планируемых строительстве или реконструкции объекта индивидуального жилищного строительства или садового дома параметров объекта индивидуального жилищного строительства или садового дома установленным параметрам и допустимости размещения объекта индивидуального жилищного строительства или садового дома на земельном участке, уведомления о несоответствии указанных в уведомлении о планируемом строительстве параметров объекта индивидуального жилищного строительства или садового дома установленным параметрам и (или) недопустимости размещения объекта индивидуального жилищного строительства или садового дома на земельном участке, уведомления о соответствии или несоответствии построенных или реконструированных объекта индивидуального жилищного строительства или садового дома требованиям законодательства о градостроительной деятельности при строительстве или реконструкции объектов индивидуального жилищного строительства или садовых домов на земельных участках, расположенных на территориях поселений, принятию в соответствии с гражданским законодательством Российской Федерации решения о сносе самовольной постройки, решения о сносе самовольной постройки или ее приведении в соответствие с предельными параметрами разрешенного строительства, реконструкции объектов капитального строительства, установленными правилами землепользования и застройки, документацией по планировке территории, или обязательными требованиями к параметрам объектов капитального строительства, установленными федеральными законами, решения об изъятии земельного участка, не используемого по целевому назначению или используемого с нарушением законодательства Российской Федерации, осуществлению сноса самовольной постройки или ее приведения в соответствие с установленными требованиями в случаях, предусмотренных Градостроительным кодексом Российской Федерации | B81: 920 | C81: 04 | D81: 12 | E81: 89 | F81: 1 | G81: 00 | H81: 44107 | J81: =J82 -> 1 | K81: =K82 -> 1 | L81: =L82 -> 1
A82: Закупка товаров, работ и услуг для обеспечения государственных (муниципальных) нужд | B82: 920 | C82: 04 | D82: 12 | E82: 89 | F82: 1 | G82: 00 | H82: 44107 | I82: 200 | J82: =J83 -> 1 | K82: =K83 -> 1 | L82: =L83 -> 1
A83: Иные закупки товаров, работ и услуг для обеспечения государственных (муниципальных) нужд | B83: 920 | C83: 04 | D83: 12 | E83: 89 | F83: 1 | G83: 00 | H83: 44107 | I83: 240 | J83: 1 | K83: 1 | L83: 1
A84: Жилищно-коммунальное хозяйство | B84: 920 | C84: 05 | J84: =J85+J94 -> 240.6 | K84: =K85+K94 -> 50.3 | L84: =L85+L94 -> 15.3
A85: Коммунальное хозяйство | B85: 920 | C85: 05 | D85: 02 | J85: =J86 -> 2 | K85: =K86 -> 2 | L85: =L86 -> 2
A86: Непрограммные расходы главных распорядителей бюджетных средств местного бюджета | B86: 920 | C86: 05 | D86: 02 | E86: 89 | J86: =J87 -> 2 | K86: =K87 -> 2 | L86: =L87 -> 2
A87: Непрограммные расходы в рамках обеспечения деятельности главных распорядителей бюджетных средств местного бюджета | B87: 920 | C87: 05 | D87: 02 | E87: 89 | F87: 1 | J87: =J88+J91 -> 2 | K87: =K88+K91 -> 2 | L87: =L88+L91 -> 2
A88: Осуществление полномочий по организации в границах поселения электро-, тепло-, газо- и водоснабжения населения, водоотведения, снабжения населения топливом в пределах полномочий, установленных законодательством Российской Федерации | B88: 920 | C88: 05 | D88: 02 | E88: 89 | F88: 1 | G88: 00 | H88: 44101 | J88: =J89 -> 1 | K88: =K89 -> 1 | L88: =L89 -> 1
A89: Закупка товаров, работ и услуг для обеспечения государственных (муниципальных) нужд | B89: 920 | C89: 05 | D89: 02 | E89: 89 | F89: 1 | G89: 00 | H89: 44101 | I89: 200 | J89: =J90 -> 1 | K89: =K90 -> 1 | L89: =L90 -> 1
A90: Иные закупки товаров, работ и услуг для обеспечения государственных (муниципальных) нужд | B90: 920 | C90: 05 | D90: 02 | E90: 89 | F90: 1 | G90: 00 | H90: 44101 | I90: 240 | J90: 1 | K90: 1 | L90: 1
A91: Осуществление полномочий по участию в организации деятельности по накоплению (в том числе раздельному накоплению) и транспортированию твердых коммунальных отходов | B91: 920 | C91: 05 | D91: 02 | E91: 89 | F91: 1 | G91: 00 | H91: 44106 | J91: =J92 -> 1 | K91: =K92 -> 1 | L91: =L92 -> 1
A92: Закупка товаров, работ и услуг для обеспечения государственных (муниципальных) нужд | B92: 920 | C92: 05 | D92: 02 | E92: 89 | F92: 1 | G92: 00 | H92: 44106 | I92: 200 | J92: =J93 -> 1 | K92: =K93 -> 1 | L92: =L93 -> 1
A93: Иные закупки товаров, работ и услуг для обеспечения государственных (муниципальных) нужд | B93: 920 | C93: 05 | D93: 02 | E93: 89 | F93: 1 | G93: 00 | H93: 44106 | I93: 240 | J93: 1 | K93: 1 | L93: 1
A94: Благоустройство | B94: 920 | C94: 05 | D94: 03 | J94: =J95+J100 -> 238.6 | K94: =K95+K100 -> 48.3 | L94: =L95+L100 -> 13.3
A95: Непрограммные расходы главных распорядителей бюджетных средств местного бюджета | B95: 920 | C95: 05 | D95: 03 | E95: 89 | J95: =J96 -> 149.5 | K95: =K96 -> 41 | L95: =L96 -> 6.3
A96: Непрограммные расходы в рамках обеспечения деятельности главных распорядителей бюджетных средств местного бюджета | B96: 920 | C96: 05 | D96: 03 | E96: 89 | F96: 1 | J96: =J97+J103 -> 149.5 | K96: =K97+K103 -> 41 | L96: =L97+L103 -> 6.3
A97: Уличное освещений | B97: 920 | C97: 05 | D97: 03 | E97: 89 | F97: 1 | G97: 00 | H97: 43010 | J97: =J98 -> 148.5 | K97: =K98 -> 40 | L97: =L98 -> 5.3
A98: Закупка товаров, работ и услуг для обеспечения государственных (муниципальных) нужд | B98: 920 | C98: 05 | D98: 03 | E98: 89 | F98: 1 | G98: 00 | H98: 43010 | I98: 200 | J98: =J99 -> 148.5 | K98: =K99 -> 40 | L98: =L99 -> 5.3
A99: Иные закупки товаров, работ и услуг для обеспечения государственных (муниципальных) нужд | B99: 920 | C99: 05 | D99: 03 | E99: 89 | F99: 1 | G99: 00 | H99: 43010 | I99: 240 | J99: 148.5 | K99: =12.7+27.3 -> 40 | L99: =12.7-7.4 -> 5.3
A100: Прочие мероприятия по благоустройству | B100: 920 | C100: 05 | D100: 03 | E100: 89 | F100: 1 | G100: 00 | H100: 43040 | J100: =J101 -> 89.1 | K100: =K101 -> 7.3 | L100: =L101 -> 7
...

Sheet Приложение 3
H1: Приложение 3 к решению Совета депутатов Сабаевского сельского поселения «О бюджете Сабаевского сельского поселения на 2023 год и на плановый период 2024 и 2025 годов» от __________г №_____
A2: РАСПРЕДЕЛЕНИЕ БЮДЖЕТНЫХ АССИГНОВАНИЙ БЮДЖЕТА САБАЕВСКОГО СЕЛЬСКОГО ПОСЕЛЕНИЯ ПО РАЗДЕЛАМ, ПОДРАЗДЕЛАМ, ЦЕЛЕВЫМ СТАТЬЯМ (МУНИЦИПАЛЬНЫМ ПРОГРАММАМ И НЕПРОГРАМНЫМ НАПРАВЛЕНИЯМ ДЕЯТЕЛЬНОСТИ) , ГРУППАМ (ГРУППАМ И ПОДГРУППАМ) ВИДОВ РАСХОДОВ КЛАССИФИКАЦИИ РАСХОДОВ БЮДЖЕТОВ НА 2023 ГОД И НА ПЛАНОВЫЙ ПЕРИОД 2024 И 2025 ГОДОВ
H3: (тыс. рублей)
A4: Наименование | B4: Рз | C4: Прз | D4: Цср | H4: Вр | I4: Сумма
I5: 2023 год | J5: 2024 год | K5: 2025 год
A6: 1 | B6: 2 | C6: 3 | D6: 4 | E6: 5 | F6: 6 | G6: 7 | H6: 8 | I6: 9 | J6: 10 | K6: 11
A7: ВСЕГО | I7: =I8+I55+I71+I84+I106+I113+I120+I64 -> 2441.54 | J7: =J8+J55+J71+J84+J106+J113+J120+J64 -> 2480.95 | K7: =K8+K55+K71+K84+K106+K113+K120+K64 -> 2499
A8: Общегосударственные вопросы | B8: 01 | I8: =I9+I19+I49+I37+I43 -> 1340.94 | J8: =J9+J19+J49+J37 -> 1061.6 | K8: =K9+K19+K49+K37 -> 1075.3
A9: Функционирование высшего должностного лица субъекта Российской Федерации и муниципального образования | B9: 01 | C9: 02 | I9: =I10 -> 381.2 | J9: =J10 -> 331.2 | K9: =K10 -> 331.2
A10: Обеспечение деятельности администрации Сабаевского сельского поселения Кочкуровского муниципального района Республики Мордовия | B10: 01 | C10: 02 | D10: 65 | E10: 0 | I10: =I11 -> 381.2 | J10: =J11 -> 331.2 | K10: =K11 -> 331.2
A11: Глава Сабаевского сельского поселения Кочкуровского муниципального района Республики Мордовия | B11: 01 | C11: 02 | D11: 65 | E11: 1 | I11: =I12+I15 -> 381.2 | J11: =J12 -> 331.2 | K11: =K12 -> 331.2
A12: Расходы на выплаты по оплате труда высшего должностного лица | B12: 01 | C12: 02 | D12: 65 | E12: 1 | F12: 00 | G12: 41150 | I12: =I13 -> 231.2 | J12: =J13 -> 331.2 | K12: =K13 -> 331.2
A13: Расходы на выплаты персоналу в целях обеспечения выполнения функций государственными (муниципальными) органами, казенными учреждениями, органами управления государственными внебюджетными фондами | B13: 01 | C13: 02 | D13: 65 | E13: 1 | F13: 00 | G13: 41150 | H13: 100 | I13: =I14 -> 231.2 | J13: =J14 -> 331.2 | K13: =K14 -> 331.2
A14: Расходы на выплаты персоналу государственных (муниципальных) органов | B14: 01 | C14: 02 | D14: 65 | E14: 1 | F14: 00 | G14: 41150 | H14: 120 | I14: ='Приложение 2'!J14 -> 231.2 | J14: ='Приложение 2'!K14 -> 331.2 | K14: ='Приложение 2'!L14 -> 331.2
A15: Субсидии на софинансирование расходных обязательств поселений | B15: 01 | C15: 02 | D15: 65 | E15: 1 | F15: 00 | G15: 44200 | I15: =I16 -> 150
A16: Субсидии на софинансирование расходных обязательст по финансовому обеспечению деятельности органов местного самоуправления и муниципальных учреждений | B16: 01 | C16: 02 | D16: 65 | E16: 1 | F16: 00 | G16: 44205 | I16: =I17 -> 150
A17: Расходы на выплаты персоналу в целях обеспечения выполнения функций государственными (муниципальными) органами, казенными учреждениями, органами управления государственными внебюджетными фондами | B17: 01 | C17: 02 | D17: 65 | E17: 1 | F17: 00 | G17: 44205 | H17: 100 | I17: =I18 -> 150
A18: Расходы на выплаты персоналу государственных (муниципальных) органов | B18: 01 | C18: 02 | D18: 65 | E18: 1 | F18: 00 | G18: 44205 | H18: 120 | I18: ='Приложение 2'!J18 -> 150
A19: Функционирование Правительства Российской Федерации, высших исполнительных органов государственной власти субъектов Российской Федерации, местных администраций | B19: 01 | C19: 04 | I19: =I20 -> 922 | J19: =J20 -> 720.4 | K19: =K20 -> 734.1
A20: Обеспечение деятельности администрации Сабаевского сельского поселения Кочкуровского муниципального района Республики Мордовия | B20: 01 | C20: 04 | D20: 65 | I20: =I21 -> 922 | J20: =J21 -> 720.4 | K20: =K21 -> 734.1
A21: Непрограммные расходы в рамках обеспечения деятельности администрации Сабаевского сельского поселения Кочкуровского муниципального района Республики Мордовия | B21: 01 | C21: 04 | D21: 65 | E21: 4 | I21: =I22+I25+I34+I30 -> 922 | J21: =J22+J25+J34 -> 720.4 | K21: =K22+K25+K34 -> 734.1
A22: Расходы на выплаты по оплате труда работников органов местного самоуправления | B22: 01 | C22: 04 | D22: 65 | E22: 4 | F22: 00 | G22: 41110 | I22: =I23 -> 508.6 | J22: =J23 -> 445.7 | K22: =K23 -> 462.9
A23: Расходы на выплаты персоналу в целях обеспечения выполнения функций государственными (муниципальными) органами, казенными учреждениями, органами управления государственными внебюджетными фондами | B23: 01 | C23: 04 | D23: 65 | E23: 4 | F23: 00 | G23: 41110 | H23: 100 | I23: =I24 -> 508.6 | J23: =J24 -> 445.7 | K23: =K24 -> 462.9
A24: Расходы на выплаты персоналу государственных (муниципальных) органов | B24: 01 | C24: 04 | D24: 65 | E24: 4 | F24: 00 | G24: 41110 | H24: 120 | I24: ='Приложение 2'!J24 -> 508.6 | J24: ='Приложение 2'!K24 -> 445.7 | K24: ='Приложение 2'!L24 -> 462.9
A25: Расходы на обеспечение функций органов местного самоуправления | B25: 01 | C25: 04 | D25: 65 | E25: 4 | F25: 00 | G25: 41120 | I25: =I26+I28 -> 312.2 | J25: =J26+J28 -> 274.2 | K25: =K26+K28 -> 270.7
A26: Закупка товаров, работ и услуг для обеспечения государственных (муниципальных) нужд | B26: 01 | C26: 04 | D26: 65 | E26: 4 | F26: 00 | G26: 41120 | H26: 200 | I26: =I27 -> 142.2 | J26: =J27 -> 148.2 | K26: =K27 -> 143.2
A27: Иные закупки товаров, работ и услуг для обеспечения государственных (муниципальных) нужд | B27: 01 | C27: 04 | D27: 65 | E27: 4 | F27: 00 | G27: 41120 | H27: 240 | I27: ='Приложение 2'!J27 -> 142.2 | J27: ='Приложение 2'!K27 -> 148.2 | K27: ='Приложение 2'!L27 -> 143.2
A28: Иные бюджетные ассигнования | B28: 01 | C28: 04 | D28: 65 | E28: 4 | F28: 00 | G28: 41120 | H28: 800 | I28: =I29 -> 170 | J28: =J29 -> 126 | K28: =K29 -> 127.5
A29: Уплата налогов, сборов и иных платежей | B29: 01 | C29: 04 | D29: 65 | E29: 4 | F29: 00 | G29: 41120 | H29: 850 | I29: ='Приложение 2'!J29 -> 170 | J29: ='Приложение 2'!K29 -> 126 | K29: ='Приложение 2'!L29 -> 127.5
A30: Иные межбюджетные трансферты на софинансирование расходных обязательств поселений | B30: 01 | C30: 04 | D30: 65 | E30: 4 | F30: 00 | G30: 44200 | I30: =I31 -> 100.7
A31: Субсидии на софинансирование расходных обязательств по финансовому обеспечению деятельности органов местного самоуправления и муниципальных учреждений | B31: 01 | C31: 04 | D31: 65 | E31: 4 | F31: 00 | G31: 44205 | I31: =I32 -> 100.7
A32: Расходы на выплаты персоналу в целях обеспечения выполнения функций государственными (муниципальными) органами, казенными учреждениями, органами управления государственными внебюджетными фондами | B32: 01 | C32: 04 | D32: 65 | E32: 4 | F32: 00 | G32: 44205 | H32: 100 | I32: =I33 -> 100.7
A33: Расходы на выплаты персоналу государственных (муниципальных) органов | B33: 01 | C33: 04 | D33: 65 | E33: 4 | F33: 00 | G33: 44205 | H33: 120 | I33: ='Приложение 2'!J33 -> 100.7
A34: Осуществление государственных полномочий Республики Мордовия по определению перечня должностных лиц, уполномоченных составлять протоколы об административных правонарушениях, предусмотренных Законом Республики Мордовия от 15 июня 2015 года № 38-З "Об административной ответственности на территории Республики Мордовия" | B34: 01 | C34: 04 | D34: 65 | E34: 4 | F34: 00 | G34: 77150 | I34: =I35 -> 0.5 | J34: =J35 -> 0.5 | K34: =K35 -> 0.5
A35: Закупка товаров, работ и услуг для обеспечения государственных (муниципальных) нужд | B35: 01 | C35: 04 | D35: 65 | E35: 4 | F35: 00 | G35: 77150 | H35: 200 | I35: =I36 -> 0.5 | J35: =J36 -> 0.5 | K35: =K36 -> 0.5
A36: Иные закупки товаров, работ и услуг для обеспечения государственных (муниципальных) нужд | B36: 01 | C36: 04 | D36: 65 | E36: 4 | F36: 00 | G36: 77150 | H36: 240 | I36: ='Приложение 2'!J36 -> 0.5 | J36: ='Приложение 2'!K36 -> 0.5 | K36: ='Приложение 2'!L36 -> 0.5
A37: Обеспечение деятельности финансовых, налоговых и таможенных органов и органов финансового (финансово-бюджетного) надзора | B37: 01 | C37: 06 | I37: =I38 -> 4.3 | J37: =J38 -> 0 | K37: =K38 -> 0
A38: Непрограммные расходы главных распорядителей бюджетных средств местного бюджета | B38: 01 | C38: 06 | D38: 89 | I38: =I39 -> 4.3 | J38: =J39 -> 0 | K38: =K39 -> 0
A39: Непрограммные расходы в рамках обеспечения деятельности главных распорядителей бюджетных средств местного бюджета | B39: 01 | C39: 06 | D39: 89 | E39: 1 | I39: =I40 -> 4.3 | J39: =J40 -> 0 | K39: =K40 -> 0
A40: Иные межбюджетные трансферты на осуществление полномочий по составлению и рассмотрению проекта бюджета поселения, утверждению и исполнению бюджета поселения, осуществлению контроля за его исполнением, составлению и утверждению отчета об исполнении бюджета поселения | B40: 01 | C40: 06 | D40: 89 | E40: 1 | F40: 00 | G40: 44501 | I40: =I41 -> 4.3 | J40: =J41 -> 0 | K40: =K41 -> 0
A41: Межбюджетные трансферты | B41: 01 | C41: 06 | D41: 89 | E41: 1 | F41: 00 | G41: 44501 | H41: 500 | I41: =I42 -> 4.3 | J41: =J42 -> 0 | K41: =K42 -> 0
A42: Иныемежбюджетные трансферты | B42: 01 | C42: 06 | D42: 89 | E42: 1 | F42: 00 | G42: 44501 | H42: 540 | I42: ='Приложение 2'!J42 -> 4.3 | J42: ='Приложение 2'!K42 -> 0 | K42: ='Приложение 2'!L42 -> 0
A43: Обеспечение проведения выборов и референдумов | B43: 01 | C43: 07 | I43: =I44 -> 23.44
A44: Непрограммные расходы главных распорядителей бюджетных средств местного бюджета | B44: 01 | C44: 07 | D44: 89 | I44: =I45 -> 23.44
A45: Непрограммные расходы в рамках обеспечения деятельности главных распорядителей бюджетных средств местного бюджета | B45: 01 | C45: 07 | D45: 89 | E45: 1 | F45: 00 | I45: =I46 -> 23.44
A46: Проведение выборов депутатов Совета депутатов Кочкуровского сельского поселения Кочкуровского муниципального района Республики Мордовия | B46: 01 | C46: 07 | D46: 89 | E46: 1 | F46: 00 | G46: 41130 | I46: =I47 -> 23.44
A47: Иные бюджетные ассигнования | B47: 01 | C47: 07 | D47: 89 | E47: 1 | F47: 00 | G47: 41130 | H47: 800 | I47: =I48 -> 23.44
A48: Специальные расходы | B48: 01 | C48: 07 | D48: 89 | E48: 1 | F48: 00 | G48: 41130 | H48: 880 | I48: ='Приложение 2'!J48 -> 23.44
A49: Резервные фонды | B49: 01 | C49: 11 | I49: =I50 -> 10 | J49: =J50 -> 10 | K49: =K50 -> 10
A50: Непрограммные расходы главных распорядителей бюджетных средств местного бюджета | B50: 01 | C50: 11 | D50: 89 | E50: 0 | I50: =I51 -> 10 | J50: =J51 -> 10 | K50: =K51 -> 10
A51: Непрограммные расходы в рамках обеспечения деятельности главных распорядителей бюджетных средств местного бюджета | B51: 01 | C51: 11 | D51: 89 | E51: 1 | I51: =I52 -> 10 | J51: =J52 -> 10 | K51: =K52 -> 10
A52: Резервный фонд администрации Сабаевского сельского поселения Кочкуровского муниципального района Республики Мордовия | B52: 01 | C52: 11 | D52: 89 | E52: 1 | F52: 00 | G52: 41180 | I52: =I53 -> 10 | J52: =J53 -> 10 | K52: =K53 -> 10
A53: Иные бюджетные ассигнования | B53: 01 | C53: 11 | D53: 89 | E53: 1 | F53: 00 | G53: 41180 | H53: 800 | I53: =I54 -> 10 | J53: =J54 -> 10 | K53: =K54 -> 10
A54: Резервные средства | B54: 01 | C54: 11 | D54: 89 | E54: 1 | F54: 00 | G54: 41180 | H54: 870 | I54: ='Приложение 2'!J54 -> 10 | J54: ='Приложение 2'!K54 -> 10 | K54: ='Приложение 2'!L54 -> 10
A55: Национальная оборона | B55: 02 | I55: =I56 -> 109.3 | J55: =J56 -> 114.4 | K55: =K56 -> 118.7
A56: Мобилизационная и вневойсковая подготовка | B56: 02 | C56: 03 | I56: =I57 -> 109.3 | J56: =J57 -> 114.4 | K56: =K57 -> 118.7
A57: Непрограммные расходы главных распорядителей бюджетных средств местного бюджета | B57: 02 | C57: 03 | D57: 89 | I57: =I58 -> 109.3 | J57: =J58 -> 114.4 | K57: =K58 -> 118.7
A58: Непрограммные расходы в рамках обеспечения деятельности главных распорядителей бюджетных средств местного бюджета | B58: 02 | C58: 03 | D58: 89 | E58: 1 | I58: =I59 -> 109.3 | J58: =J59 -> 114.4 | K58: =K59 -> 118.7
A59: Осуществление государственных полномочий Российско Федерации по первичному воинскому учету на территориях, где отсутствуют военные комиссариаты | B59: 02 | C59: 03 | D59: 89 | E59: 1 | F59: 00 | G59: 51180 | I59: =I60+I62 -> 109.3 | J59: =J60+J62 -> 114.4 | K59: =K60+K62 -> 118.7
A60: Расходы на выплаты персоналу в целях обеспечения выполнения функций государственными (муниципальными) органами, казенными учреждениями, органами управления государственными внебюджетными фондами | B60: 02 | C60: 03 | D60: 89 | E60: 1 | F60: 00 | G60: 51180 | H60: 100 | I60: =I61 -> 99.1 | J60: =J61 -> 101 | K60: =K61 -> 104.6
A61: Расходы на выплаты персоналу государственных (муниципальных) органов | B61: 02 | C61: 03 | D61: 89 | E61: 1 | F61: 00 | G61: 51180 | H61: 120 | I61: ='Приложение 2'!J61 -> 99.1 | J61: ='Приложение 2'!K61 -> 101 | K61: ='Приложение 2'!L61 -> 104.6
A62: Закупка товаров, работ и услуг для обеспечения государственных (муниципальных) нужд | B62: 02 | C62: 03 | D62: 89 | E62: 1 | F62: 00 | G62: 51180 | H62: 200 | I62: =I63 -> 10.2 | J62: =J63 -> 13.4 | K62: =K63 -> 14.1
A63: Иные закупки товаров, работ и услуг для обеспечения государственных (муниципальных) нужд | B63: 02 | C63: 03 | D63: 89 | E63: 1 | F63: 00 | G63: 51180 | H63: 240 | I63: ='Приложение 2'!J63 -> 10.2 | J63: ='Приложение 2'!K63 -> 13.4 | K63: ='Приложение 2'!L63 -> 14.1
A64: Национальная безопасность и правоохранительная деятельность | B64: 03 | I64: =I65 -> 5 | J64: =J65 -> 5 | K64: =K65 -> 5
A65: Защита населения и территории от чрезвычайных ситуаций природного и техногенного характера, пожарная безопасность | B65: 03 | C65: 10 | I65: =I66 -> 5 | J65: =J66 -> 5 | K65: =K66 -> 5
A66: Непрограммные расходы главных распорядителей бюджетных средств Республики Мордовия | B66: 03 | C66: 10 | D66: 89 | I66: =I67 -> 5 | J66: =J67 -> 5 | K66: =K67 -> 5
A67: Непрограммные расходы в рамках обеспечения деятельности главных распорядителей бюджетных средств Республики Мордовия | B67: 03 | C67: 10 | D67: 89 | E67: 1 | I67: =I68 -> 5 | J67: =J68 -> 5 | K67: =K68 -> 5
A68: Мероприятия по обеспечению пожарной безопасности | B68: 03 | C68: 10 | D68: 89 | E68: 1 | F68: 00 | G68: 42120 | I68: =I69 -> 5 | J68: =J69 -> 5 | K68: =K69 -> 5
A69: Закупка товаров, работ и услуг для обеспечения государственных (муниципальных) нужд | B69: 03 | C69: 10 | D69: 89 | E69: 1 | F69: 00 | G69: 42120 | H69: 200 | I69: =I70 -> 5 | J69: =J70 -> 5 | K69: =K70 -> 5
A70: Иные закупки товаров, работ и услуг для обеспечения государственных (муниципальных) нужд | B70: 03 | C70: 10 | D70: 89 | E70: 1 | F70: 00 | G70: 42120 | H70: 244 | I70: ='Приложение 2'!J70 -> 5 | J70: ='Приложение 2'!K70 -> 5 | K70: ='Приложение 2'!L70 -> 5
A71: Национальная экономика | B71: 04 | I71: =I72+I78 -> 520.3 | J71: =J72+J78 -> 990 | K71: =K72+K78 -> 990
A72: Дорожное хозяйство (дорожные фонды) | B72: 04 | C72: 09 | I72: =I73 -> 519.3 | J72: =J73 -> 989 | K72: =K73 -> 989
A73: Программа «Комплексное развитие транспортной инфраструктуры Сабаевского сельского поселения Кочкуровского муниципального района Республики Мордовия на 2021-2028 годы» | B73: 04 | C73: 09 | D73: 13 | I73: =I74 -> 519.3 | J73: =J74 -> 989 | K73: =K74 -> 989
A74: Основное мероприятие "обеспечение сохранности автомобильных дорог местного значения путем выполнения эксплуатационных и ремонтных мероприятий; ямочный ремонт, разметка дорог, установка дорожных знаков, обкашивание дорожных обочин, очистка дорог от снега." | B74: 04 | C74: 09 | D74: 13 | E74: 0 | I74: =I75 -> 519.3 | J74: =J75 -> 989 | K74: =K75 -> 989
A75: Осуществление полномочий по дорожной деятельности в отношении автомобильных дорог местного значения в границах населенных пунктов поселения и обеспечению безопасности дорожного движения на них, включая создание и обеспечение функционирования парковок (парковочных мест), осуществление муниципального контроля за сохранностью автомобильных дорог местного значения в границах населенных пунктов поселения, организация дорожного движения, а также осуществление иных полномочий в области использования автомобильных дорог и осуществления дорожной деятельности в соответствии с законодательством Российской Федерации | B75: 04 | C75: 09 | D75: 13 | E75: 0 | F75: 01 | G75: 44102 | I75: =I76 -> 519.3 | J75: =J76 -> 989 | K75: =K76 -> 989
A76: Закупка товаров, работ и услуг для обеспечения государственных (муниципальных) нужд | B76: 04 | C76: 09 | D76: 13 | E76: 0 | F76: 01 | G76: 44102 | H76: 200 | I76: =I77 -> 519.3 | J76: =J77 -> 989 | K76: =K77 -> 989
A77: Иные закупки товаров, работ и услуг для обеспечения государственных (муниципальных) нужд | B77: 04 | C77: 09 | D77: 13 | E77: 0 | F77: 01 | G77: 44102 | H77: 240 | I77: ='Приложение 2'!J77 -> 519.3 | J77: ='Приложение 2'!K77 -> 989 | K77: ='Приложение 2'!L77 -> 989
A78: Другие вопросы в области национальной экономики | B78: 04 | C78: 12 | I78: =I79 -> 1 | J78: =J79 -> 1 | K78: =K79 -> 1
A79: Непрограммные расходы главных распорядителей бюджетных средств местного бюджета | B79: 04 | C79: 12 | D79: 89 | I79: =I80 -> 1 | J79: =J80 -> 1 | K79: =K80 -> 1
A80: Непрограммные расходы в рамках обеспечения деятельности главных распорядителей бюджетных средств местного бюджета | B80: 04 | C80: 12 | D80: 89 | E80: 1 | I80: =I81 -> 1 | J80: =J81 -> 1 | K80: =K81 -> 1
A81: Осуществление полномочий по утверждению генеральных планов поселения, правил землепользования и застройки, утверждению подготовленной на основе генеральных планов поселения документации по планировке территории, выдаче градостроительного плана земельного участка, расположенного в границах поселения, выдаче разрешений на строительство (за исключением случаев, предусмотренных Градостроительным кодексом Российской Федерации, иными федеральными законами), разрешений на ввод объектов в эксплуатацию при осуществлении строительства, реконструкции объектов капитального строительства, расположенных на территории поселения, утверждению местных нормативов градостроительного проектирования поселений, резервированию земель и изъятию земельных участков в границах поселения для муниципальных нужд, осуществлению муниципального земельного контроля в границах поселения, осуществлению в случаях, предусмотренных Градостроительным кодексом Российской Федерации, осмотров зданий, сооружений и выдаче рекомендаций об устранении выявленных в ходе таких осмотров нарушений, направлению уведомления о соответствии указанных в уведомлении о планируемых строительстве или реконструкции объекта индивидуального жилищного строительства или садового дома параметров объекта индивидуального жилищного строительства или садового дома установленным параметрам и допустимости размещения объекта индивидуального жилищного строительства или садового дома на земельном участке, уведомления о несоответствии указанных в уведомлении о планируемом строительстве параметров объекта индивидуального жилищного строительства или садового дома установленным параметрам и (или) недопустимости размещения объекта индивидуального жилищного строительства или садового дома на земельном участке, уведомления о соответствии или несоответствии построенных или реконструированных объекта индивидуального жилищного строительства или садового дома требованиям законодательства о градостроительной деятельности при строительстве или реконструкции объектов индивидуального жилищного строительства или садовых домов на земельных участках, расположенных на территориях поселений, принятию в соответствии с гражданским законодательством Российской Федерации решения о сносе самовольной постройки, решения о сносе самовольной постройки или ее приведении в соответствие с предельными параметрами разрешенного строительства, реконструкции объектов капитального строительства, установленными правилами землепользования и застройки, документацией по планировке территории, или обязательными требованиями к параметрам объектов капитального строительства, установленными федеральными законами, решения об изъятии земельного участка, не используемого по целевому назначению или используемого с нарушением законодательства Российской Федерации, осуществлению сноса самовольной постройки или ее приведения в соответствие с установленными требованиями в случаях, предусмотренных Градостроительным кодексом Российской Федерации | B81: 04 | C81: 12 | D81: 89 | E81: 1 | F81: 00 | G81: 44107 | I81: =I82 -> 1 | J81: =J82 -> 1 | K81: =K82 -> 1
A82: Закупка товаров, работ и услуг для обеспечения государственных (муниципальных) нужд | B82: 04 | C82: 12 | D82: 89 | E82: 1 | F82: 00 | G82: 44107 | H82: 200 | I82: =I83 -> 1 | J82: =J83 -> 1 | K82: =K83 -> 1
A83: Иные закупки товаров, работ и услуг для обеспечения государственных (муниципальных) нужд | B83: 04 | C83: 12 | D83: 89 | E83: 1 | F83: 00 | G83: 44107 | H83: 240 | I83: ='Приложение 2'!J83 -> 1 | J83: ='Приложение 2'!K83 -> 1 | K83: ='Приложение 2'!L83 -> 1
A84: Жилищно-коммунальное хозяйство | B84: 05 | I84: =I85+I94 -> 240.6 | J84: =J85+J94 -> 50.3 | K84: =K85+K94 -> 15.3
A85: Коммунальное хозяйство | B85: 05 | C85: 02 | I85: =I86 -> 2 | J85: =J86 -> 2 | K85: =K86 -> 2
A86: Непрограммные расходы главных распорядителей бюджетных средств местного бюджета | B86: 05 | C86: 02 | D86: 89 | I86: =I87 -> 2 | J86: =J87 -> 2 | K86: =K87 -> 2
A87: Непрограммные расходы в рамках обеспечения деятельности главных распорядителей бюджетных средств местного бюджета | B87: 05 | C87: 02 | D87: 89 | E87: 1 | I87: =I88+I91 -> 2 | J87: =J88+J91 -> 2 | K87: =K88+K91 -> 2
A88: Осуществление полномочий по организации в границах поселения электро-, тепло-, газо- и водоснабжения населения, водоотведения, снабжения населения топливом в пределах полномочий, установленных законодательством Российской Федерации | B88: 05 | C88: 02 | D88: 89 | E88: 1 | F88: 00 | G88: 44101 | I88: =I89 -> 1 | J88: =J89 -> 1 | K88: =K89 -> 1
A89: Закупка товаров, работ и услуг для обеспечения государственных (муниципальных) нужд | B89: 05 | C89: 02 | D89: 89 | E89: 1 | F89: 00 | G89: 44101 | H89: 200 | I89: =I90 -> 1 | J89: =J90 -> 1 | K89: =K90 -> 1
A90: Иные закупки товаров, работ и услуг для обеспечения государственных (муниципальных) нужд | B90: 05 | C90: 02 | D90: 89 | E90: 1 | F90: 00 | G90: 44101 | H90: 240 | I90: ='Приложение 2'!J90 -> 1 | J90: ='Приложение 2'!K90 -> 1 | K90: ='Приложение 2'!L90 -> 1
A91: Осуществление полномочий по участию в организации деятельности по накоплению (в том числе раздельному накоплению) и транспортированию твердых коммунальных отходов | B91: 05 | C91: 02 | D91: 89 | E91: 1 | F91: 00 | G91: 44106 | I91: =I92 -> 1 | J91: =J92 -> 1 | K91: =K92 -> 1
A92: Закупка товаров, работ и услуг для обеспечения государственных (муниципальных) нужд | B92: 05 | C92: 02 | D92: 89 | E92: 1 | F92: 00 | G92: 44106 | H92: 200 | I92: =I93 -> 1 | J92: =J93 -> 1 | K92: =K93 -> 1
A93: Иные закупки товаров, работ и услуг для обеспечения государственных (муниципальных) нужд | B93: 05 | C93: 02 | D93: 89 | E93: 1 | F93: 00 | G93: 44106 | H93: 240 | I93: ='Приложение 2'!J93 -> 1 | J93: ='Приложение 2'!K93 -> 1 | K93: ='Приложение 2'!L93 -> 1
A94: Благоустройство | B94: 05 | C94: 03 | I94: =I95+I100 -> 238.6 | J94: =J95+J100 -> 48.3 | K94: =K95+K100 -> 13.3
A95: Непрограммные расходы главных распорядителей бюджетных средств местного бюджета | B95: 05 | C95: 03 | D95: 89 | I95: =I96 -> 149.5 | J95: =J96 -> 41 | K95: =K96 -> 6.3
A96: Непрограммные расходы в рамках обеспечения деятельности главных распорядителей бюджетных средств местного бюджета | B96: 05 | C96: 03 | D96: 89 | E96: 1 | I96: =I97+I103 -> 149.5 | J96: =J97+J103 -> 41 | K96: =K97+K103 -> 6.3
A97: Уличное освещений | B97: 05 | C97: 03 | D97: 89 | E97: 1 | F97: 00 | G97: 43010 | I97: =I98 -> 148.5 | J97: =J98 -> 40 | K97: =K98 -> 5.3
A98: Закупка товаров, работ и услуг для обеспечения государственных (муниципальных) нужд | B98: 05 | C98: 03 | D98: 89 | E98: 1 | F98: 00 | G98: 43010 | H98: 200 | I98: =I99 -> 148.5 | J98: =J99 -> 40 | K98: =K99 -> 5.3
A99: Иные закупки товаров, работ и услуг для обеспечения государственных (муниципальных) нужд | B99: 05 | C99: 03 | D99: 89 | E99: 1 | F99: 00 | G99: 43010 | H99: 240 | I99: ='Приложение 2'!J99 -> 148.5 | J99: ='Приложение 2'!K99 -> 40 | K99: ='Приложение 2'!L99 -> 5.3
A100: Прочие мероприятия по благоустройству | B100: 05 | C100: 03 | D100: 89 | E100: 1 | F100: 00 | G100: 43040 | I100: =I101 -> 89.1 | J100: =J101 -> 7.3 | K100: =K101 -> 7
...

Sheet Приложение 4
F1: Приложение 4 к решению Совета депутатов Сабаевского сельского поселения «О бюджете Сабаевского сельского поселения на 2023 год и на плановый период 2024 и 2025 годов» от __________г №_____
A3: РАСПРЕДЕЛЕНИЕ БЮДЖЕТНЫХ АССИГНОВАНИЙ БЮДЖЕТА САБАЕВСКОГО СЕЛЬСКОГО ПОСЕЛЕНИЯ ПО ЦЕЛЕВЫМ СТАТЬЯМ (МУНИЦИПАЛЬНЫМ ПРОГРАММАМ И НЕПРОГРАМНЫМ НАПРАВЛЕНИЯМ ДЕЯТЕЛЬНОСТИ) , ГРУППАМ И ПОДГРУППАМ ВИДОВ РАСХОДОВ, РАЗДЕЛАМ И ПОДРАЗДЕЛАМ КЛАССИФИКАЦИИ РАСХОДОВ БЮДЖЕТОВ НА 2023 ГОД И НА ПЛАНОВЫЙ ПЕРИОД 2024 И 2025 ГОДОВ
F4: (тыс. рублей)
A5: Наименование | B5: Цср | F5: Вр | G5: Рз | H5: Прз | I5: Адм | J5: Сумма
J6: 2023 год | K6: 2024 год | L6: 2025 год
A7: 1 | B7: 2 | C7: 3 | D7: 4 | E7: 5 | F7: 6 | G7: 7 | H7: 8 | I7: 9 | J7: 10 | K7: 11 | L7: 12
A8: ВСЕГО | J8: =J17+J63+J9 -> 2441.54 | K8: =K17+K63+K9 -> 2480.95 | L8: =L17+L63+L9 -> 2499
A9: Программа «Комплексное развитие транспортной инфраструктуры Сабаевского сельского поселения Кочкуровского муниципального района Республики Мордовия на 2021-2028 годы» | B9: 13 | J9: =J10 -> 519.3 | K9: =K10 -> 989 | L9: =L10 -> 989
A10: Основное мероприятие "обеспечение сохранности автомобильных дорог местного значения путем выполнения эксплуатационных и ремонтных мероприятий; ямочный ремонт, разметка дорог, установка дорожных знаков, обкашивание дорожных обочин, очистка дорог от снега." | B10: 13 | C10: 0 | D10: 0 1 | J10: =J11 -> 519.3 | K10: =K11 -> 989 | L10: =L11 -> 989
A11: Осуществление полномочий по дорожной деятельности в отношении автомобильных дорог местного значения в границах населенных пунктов поселения и обеспечению безопасности дорожного движения на них, включая создание и обеспечение функционирования парковок (парковочных мест), осуществление муниципального контроля за сохранностью автомобильных дорог местного значения в границах населенных пунктов поселения, организация дорожного движения, а также осуществление иных полномочий в области использования автомобильных дорог и осуществления дорожной деятельности в соответствии с законодательством Российской Федерации | B11: 13 | C11: 0 | D11: 0 1 | E11: 44102 | J11: =J12 -> 519.3 | K11: =K12 -> 989 | L11: =L12 -> 989
A12: Закупка товаров, работ и услуг для обеспечения государственных (муниципальных) нужд | B12: 13 | C12: 0 | D12: 0 1 | E12: 44102 | F12: 200 | J12: =J13 -> 519.3 | K12: =K13 -> 989 | L12: =L13 -> 989
A13: Иные закупки товаров, работ и услуг для обеспечения государственных (муниципальных) нужд | B13: 13 | C13: 0 | D13: 0 1 | E13: 44102 | F13: 240 | J13: =J14 -> 519.3 | K13: =K14 -> 989 | L13: =L14 -> 989
A14: Национальная экономика | B14: 13 | C14: 0 | D14: 0 1 | E14: 44102 | F14: 240 | G14: 04 | J14: =J15 -> 519.3 | K14: =K15 -> 989 | L14: =L15 -> 989
A15: Дорожное хозяйство (дорожные фонды) | B15: 13 | C15: 0 | D15: 0 1 | E15: 44102 | F15: 240 | G15: 04 | H15: 09 | J15: =J16 -> 519.3 | K15: =K16 -> 989 | L15: =L16 -> 989
A16: Администрация Сабаевского сельского поселения Кочкуровского муниципального района | B16: 13 | C16: 0 | D16: 0 1 | E16: 44102 | F16: 240 | G16: 04 | H16: 09 | I16: 920 | J16: ='Приложение 2'!J77 -> 519.3 | K16: ='Приложение 2'!K77 -> 989 | L16: ='Приложение 2'!L77 -> 989
A17: Обеспечение деятельности администрации Сабаевского сельского поселения Кочкуровского муниципального района Республики Мордовия | B17: 65 | J17: =J18+J32 -> 1303.2 | K17: =K18+K32 -> 1051.6 | L17: =L18+L32 -> 1065.3
A18: Глава Сабаевского сельского поселения Кочкуровского муниципального района Республики Мордовия | B18: 65 | C18: 1 | D18: 00 | J18: =J19+J25 -> 381.2 | K18: =K19 -> 331.2 | L18: =L19 -> 331.2
A19: Расходы на выплаты по оплате труда высшего должностного лица | B19: 65 | C19: 1 | D19: 00 | E19: 41150 | J19: =J20 -> 231.2 | K19: =K20 -> 331.2 | L19: =L20 -> 331.2
A20: Расходы на выплаты персоналу в целях обеспечения выполнения функций государственными (муниципальными) органами, казенными учреждениями, органами управления государственными внебюджетными фондами | B20: 65 | C20: 1 | D20: 00 | E20: 41150 | F20: 100 | J20: =J21 -> 231.2 | K20: =K21 -> 331.2 | L20: =L21 -> 331.2
A21: Расходы на выплаты персоналу государственных (муниципальных) органов | B21: 65 | C21: 1 | D21: 00 | E21: 41150 | F21: 120 | J21: =J22 -> 231.2 | K21: =K22 -> 331.2 | L21: =L22 -> 331.2
A22: Общегосударственные вопросы | B22: 65 | C22: 1 | D22: 00 | E22: 41150 | F22: 120 | G22: 01 | J22: =J23 -> 231.2 | K22: =K23 -> 331.2 | L22: =L23 -> 331.2
A23: Функционирование высшего должностного лица субъекта Российской Федерации и муниципального образования | B23: 65 | C23: 1 | D23: 00 | E23: 41150 | F23: 120 | G23: 01 | H23: 02 | J23: =J24 -> 231.2 | K23: =K24 -> 331.2 | L23: =L24 -> 331.2
A24: Администрация Сабаевского сельского поселения Кочкуровского муниципального района | B24: 65 | C24: 1 | D24: 00 | E24: 41150 | F24: 120 | G24: 01 | H24: 02 | I24: 920 | J24: ='Приложение 2'!J14 -> 231.2 | K24: ='Приложение 2'!K14 -> 331.2 | L24: ='Приложение 2'!L14 -> 331.2
A25: Субсидии на софинансирование расходных обязательств поселений | B25: 65 | C25: 1 | D25: 00 | E25: 44205 | J25: =J26 -> 150
A26: Субсидии на софинансирование расходных обязательст по финансовому обеспечению деятельности органов местного самоуправления и муниципальных учреждений | B26: 65 | C26: 1 | D26: 00 | E26: 44205 | J26: =J27 -> 150
A27: Расходы на выплаты персоналу в целях обеспечения выполнения функций государственными (муниципальными) органами, казенными учреждениями, органами управления государственными внебюджетными фондами | B27: 65 | C27: 1 | D27: 00 | E27: 44205 | F27: 100 | J27: =J28 -> 150
A28: Расходы на выплаты персоналу государственных (муниципальных) органов | B28: 65 | C28: 1 | D28: 00 | E28: 44205 | F28: 120 | J28: =J29 -> 150
A29: Общегосударственные вопросы | B29: 65 | C29: 1 | D29: 00 | E29: 44205 | F29: 120 | G29: 01 | J29: =J30 -> 150
A30: Функционирование высшего должностного лица субъекта Российской Федерации и муниципального образования | B30: 65 | C30: 1 | D30: 00 | E30: 44205 | F30: 120 | G30: 01 | H30: 02 | J30: =J31 -> 150
A31: Администрация Сабаевского сельского поселения Кочкуровского муниципального района | B31: 65 | C31: 1 | D31: 00 | E31: 44205 | F31: 120 | G31: 01 | H31: 02 | I31: 920 | J31: ='Приложение 2'!J18 -> 150
A32: Непрограммные расходы в рамках обеспечения деятельности администрации Сабаевского сельского поселения Кочкуровского муниципального района Республики Мордовия | B32: 65 | C32: 4 | J32: =J33+J39+J57+J50 -> 922 | K32: =K33+K39+K57 -> 720.4 | L32: =L33+L39+L57 -> 734.1
A33: Расходы на выплаты по оплате труда работников органов местного самоуправления | B33: 65 | C33: 4 | D33: 00 | E33: 41110 | J33: =J34 -> 508.6 | K33: =K34 -> 445.7 | L33: =L34 -> 462.9
A34: Расходы на выплаты персоналу в целях обеспечения выполнения функций государственными (муниципальными) органами, казенными учреждениями, органами управления государственными внебюджетными фондами | B34: 65 | C34: 4 | D34: 00 | E34: 41110 | F34: 100 | J34: =J35 -> 508.6 | K34: =K35 -> 445.7 | L34: =L35 -> 462.9
A35: Расходы на выплаты персоналу государственных (муниципальных) органов | B35: 65 | C35: 4 | D35: 00 | E35: 41110 | F35: 120 | J35: =J36 -> 508.6 | K35: =K36 -> 445.7 | L35: =L36 -> 462.9
A36: Общегосударственные вопросы | B36: 65 | C36: 4 | D36: 00 | E36: 41110 | F36: 120 | G36: 01 | J36: =J37 -> 508.6 | K36: =K37 -> 445.7 | L36: =L37 -> 462.9
A37: Функционирование Правительства Российской Федерации, высших исполнительных органов государственной власти субъектов Российской Федерации, местных администраций | B37: 65 | C37: 4 | D37: 00 | E37: 41110 | F37: 120 | G37: 01 | H37: 04 | J37: =J38 -> 508.6 | K37: =K38 -> 445.7 | L37: =L38 -> 462.9
A38: Администрация Сабаевского сельского поселения Кочкуровского муниципального района | B38: 65 | C38: 4 | D38: 00 | E38: 41110 | F38: 120 | G38: 01 | H38: 04 | I38: 920 | J38: ='Приложение 2'!J24 -> 508.6 | K38: ='Приложение 2'!K24 -> 445.7 | L38: ='Приложение 2'!L24 -> 462.9
A39: Расходы на обеспечение функций органов местного самоуправления | B39: 65 | C39: 4 | D39: 00 | E39: 41120 | J39: =J40+J45 -> 312.2 | K39: =K40+K45 -> 274.2 | L39: =L40+L45 -> 270.7
A40: Закупка товаров, работ и услуг для обеспечения государственных (муниципальных) нужд | B40: 65 | C40: 4 | D40: 00 | E40: 41120 | F40: 200 | J40: =J41 -> 142.2 | K40: =K41 -> 148.2 | L40: =L41 -> 143.2
A41: Иные закупки товаров, работ и услуг для обеспечения государственных (муниципальных) нужд | B41: 65 | C41: 4 | D41: 00 | E41: 41120 | F41: 240 | J41: =J42 -> 142.2 | K41: =K42 -> 148.2 | L41: =L42 -> 143.2
A42: Общегосударственные вопросы | B42: 65 | C42: 4 | D42: 00 | E42: 41120 | F42: 240 | G42: 01 | J42: =J43 -> 142.2 | K42: =K43 -> 148.2 | L42: =L43 -> 143.2
A43: Функционирование Правительства Российской Федерации, высших исполнительных органов государственной власти субъектов Российской Федерации, местных администраций | B43: 65 | C43: 4 | D43: 00 | E43: 41120 | F43: 240 | G43: 01 | H43: 04 | J43: =J44 -> 142.2 | K43: =K44 -> 148.2 | L43: =L44 -> 143.2
A44: Администрация Сабаевского сельского поселения Кочкуровского муниципального района | B44: 65 | C44: 4 | D44: 00 | E44: 41120 | F44: 240 | G44: 01 | H44: 04 | I44: 920 | J44: ='Приложение 2'!J27 -> 142.2 | K44: ='Приложение 2'!K27 -> 148.2 | L44: ='Приложение 2'!L27 -> 143.2
A45: Иные бюджетные ассигнования | B45: 65 | C45: 4 | D45: 00 | E45: 41120 | F45: 800 | J45: =J46 -> 170 | K45: =K46 -> 126 | L45: =L46 -> 127.5
A46: Уплата налогов, сборов и иных платежей | B46: 65 | C46: 4 | D46: 00 | E46: 41120 | F46: 850 | J46: =J47 -> 170 | K46: =K47 -> 126 | L46: =L47 -> 127.5
A47: Общегосударственные вопросы | B47: 65 | C47: 4 | D47: 00 | E47: 41120 | F47: 850 | G47: 01 | J47: =J48 -> 170 | K47: =K48 -> 126 | L47: =L48 -> 127.5
A48: Функционирование Правительства Российской Федерации, высших исполнительных органов государственной власти субъектов Российской Федерации, местных администраций | B48: 65 | C48: 4 | D48: 00 | E48: 41120 | F48: 850 | G48: 01 | H48: 04 | J48: =J49 -> 170 | K48: =K49 -> 126 | L48: =L49 -> 127.5
A49: Администрация Сабаевского сельского поселения Кочкуровского муниципального района | B49: 65 | C49: 4 | D49: 00 | E49: 41120 | F49: 850 | G49: 01 | H49: 04 | I49: 920 | J49: ='Приложение 2'!J29 -> 170 | K49: ='Приложение 2'!K29 -> 126 | L49: ='Приложение 2'!L29 -> 127.5
A50: Субсидии на софинансирование расходных обязательств поселений | B50: 65 | C50: 4 | D50: 00 | E50: 44200 | J50: =J51 -> 100.7
A51: Субсидии на софинансирование расходных обязательств по финансовому обеспечению деятельности органов местного самоуправления и муниципальных учреждений | B51: 65 | C51: 4 | D51: 00 | E51: 44205 | J51: =J52 -> 100.7
A52: Расходы на выплаты персоналу в целях обеспечения выполнения функций государственными (муниципальными) органами, казенными учреждениями, органами управления государственными внебюджетными фондами | B52: 65 | C52: 4 | D52: 00 | E52: 44205 | F52: 100 | J52: =J53 -> 100.7
A53: Расходы на выплаты персоналу государственных (муниципальных) органов | B53: 65 | C53: 4 | D53: 00 | E53: 44205 | F53: 120 | J53: =J54 -> 100.7
A54: Общегосударственные вопросы | B54: 65 | C54: 4 | D54: 00 | E54: 44205 | F54: 120 | G54: 01 | J54: =J55 -> 100.7
A55: Функционирование Правительства Российской Федерации, высших исполнительных органов государственной власти субъектов Российской Федерации, местных администраций | B55: 65 | C55: 4 | D55: 00 | E55: 44205 | F55: 120 | G55: 01 | H55: 04 | J55: =J56 -> 100.7
A56: Администрация Сабаевского сельского поселения Кочкуровского муниципального района | B56: 65 | C56: 4 | D56: 00 | E56: 44205 | F56: 120 | G56: 01 | H56: 04 | I56: 920 | J56: ='Приложение 3'!I33 -> 100.7
A57: Осуществление государственных полномочий Республики Мордовия по определению перечня должностных лиц, уполномоченных составлять протоколы об административных правонарушениях, предусмотренных Законом Республики Мордовия от 15 июня 2015 года № 38-З "Об админ | B57: 65 | C57: 4 | D57: 00 | E57: 77150 | J57: =J58 -> 0.5 | K57: =K58 -> 0.5 | L57: =L58 -> 0.5
A58: Закупка товаров, работ и услуг для обеспечения государственных (муниципальных) нужд | B58: 65 | C58: 4 | D58: 00 | E58: 77150 | F58: 200 | J58: =J59 -> 0.5 | K58: =K59 -> 0.5 | L58: =L59 -> 0.5
A59: Иные закупки товаров, работ и услуг для обеспечения государственных (муниципальных) нужд | B59: 65 | C59: 4 | D59: 00 | E59: 77150 | F59: 240 | J59: =J60 -> 0.5 | K59: =K60 -> 0.5 | L59: =L60 -> 0.5
A60: Общегосударственные вопросы | B60: 65 | C60: 4 | D60: 00 | E60: 77150 | F60: 240 | G60: 01 | J60: =J61 -> 0.5 | K60: =K61 -> 0.5 | L60: =L61 -> 0.5
A61: Функционирование Правительства Российской Федерации, высших исполнительных органов государственной власти субъектов Российской Федерации, местных администраций | B61: 65 | C61: 4 | D61: 00 | E61: 77150 | F61: 240 | G61: 01 | H61: 04 | J61: =J62 -> 0.5 | K61: =K62 -> 0.5 | L61: =L62 -> 0.5
A62: Администрация Сабаевского сельского поселения Кочкуровского муниципального района | B62: 65 | C62: 4 | D62: 00 | E62: 77150 | F62: 240 | G62: 01 | H62: 04 | I62: 920 | J62: ='Приложение 2'!J36 -> 0.5 | K62: ='Приложение 2'!K36 -> 0.5 | L62: ='Приложение 2'!L36 -> 0.5
A63: Непрограммные расходы главных распорядителей бюджетных средств местного бюджета | B63: 89 | J63: =J64 -> 619.04 | K63: =K64 -> 440.35 | L63: =L64 -> 444.7
A64: Непрограммные расходы в рамках обеспечения деятельности главных распорядителей бюджетных средств местного бюджета | B64: 89 | C64: 1 | J64: =J131+J137+J142+J125+J101+J119+J89+J95+J113+J107+J65+J77+J83+J71 -> 619.04 | K64: =K131+K137+K142+K125+K101+K119+K89+K95+K113+K107+K65+K77+K83 -> 440.35 | L64: =L131+L137+L142+L125+L101+L119+L89+L95+L113+L107+L65+L77+L83 -> 444.7
A65: Доплаты к пенсиям муниципальных служащих Республики Мордовия | B65: 89 | C65: 1 | D65: 00 | E65: 03010 | J65: =J66 -> 224.4 | K65: =K66 -> 224.4 | L65: =L66 -> 224.4
A66: Социальное обеспечение и иные выплаты населению | B66: 89 | C66: 1 | D66: 00 | E66: 03010 | F66: 300 | J66: =J67 -> 224.4 | K66: =K67 -> 224.4 | L66: =L67 -> 224.4
A67: Публичные нормативные социальные выплаты гражданам | B67: 89 | C67: 1 | D67: 00 | E67: 03010 | F67: 310 | J67: =J68 -> 224.4 | K67: =K68 -> 224.4 | L67: =L68 -> 224.4
A68: Социальная политика | B68: 89 | C68: 1 | D68: 00 | E68: 03010 | F68: 310 | G68: 10 | J68: =J69 -> 224.4 | K68: =K69 -> 224.4 | L68: =L69 -> 224.4
A69: Пенсионное обеспечение | B69: 89 | C69: 1 | D69: 00 | E69: 03010 | F69: 310 | G69: 10 | H69: 01 | J69: =J70 -> 224.4 | K69: =K70 -> 224.4 | L69: =L70 -> 224.4
A70: Администрация Сабаевского сельского поселения Кочкуровского муниципального района | B70: 89 | C70: 1 | D70: 00 | E70: 03010 | F70: 310 | G70: 10 | H70: 01 | I70: 920 | J70: ='Приложение 2'!J119 -> 224.4 | K70: ='Приложение 2'!K119 -> 224.4 | L70: ='Приложение 2'!L119 -> 224.4
A71: Проведение выборов депутатов Совета депутатов Сабаевского сельского поселения Кочкуровского муниципального района Республики Мордовия | B71: 89 | C71: 1 | D71: 00 | E71: 41130 | J71: =J72 -> 23.44 | K71: =K72 -> 0 | L71: =L72 -> 0
A72: Иные бюджетные ассигнования | B72: 89 | C72: 1 | D72: 00 | E72: 41130 | F72: 800 | J72: =J73 -> 23.44 | K72: =K73 -> 0 | L72: =L73 -> 0
A73: Специальные расходы | B73: 89 | C73: 1 | D73: 00 | E73: 41130 | F73: 880 | J73: =J74 -> 23.44 | K73: =K74 -> 0 | L73: =L74 -> 0
A74: Общегосударственные вопросы | B74: 89 | C74: 1 | D74: 00 | E74: 41130 | F74: 880 | G74: 01 | J74: =J75 -> 23.44 | K74: =K75 -> 0 | L74: =L75 -> 0
A75: Обеспечение проведения выборов и референдумов | B75: 89 | C75: 1 | D75: 00 | E75: 41130 | F75: 880 | G75: 01 | H75: 07 | J75: =J76 -> 23.44 | K75: =K76 -> 0 | L75: =L76 -> 0
A76: Администрация Сабаевского сельского поселения Кочкуровского муниципального района | B76: 89 | C76: 1 | D76: 00 | E76: 41130 | F76: 880 | G76: 01 | H76: 07 | I76: 920 | J76: ='Приложение 2'!J48 -> 23.44 | K76: ='Приложение 2'!K48 -> 0 | L76: ='Приложение 2'!L48 -> 0
A77: Условно утвержденные расходы | B77: 89 | C77: 1 | D77: 00 | E77: 41990 | J77: =J78 -> 0 | K77: =K78 -> 34.25 | L77: =L78 -> 69.3
A78: Иные бюджетные ассигнования | B78: 89 | C78: 1 | D78: 00 | E78: 41990 | F78: 800 | J78: =J79 -> 0 | K78: =K79 -> 34.25 | L78: =L79 -> 69.3
A79: Резервные средства | B79: 89 | C79: 1 | D79: 00 | E79: 41990 | F79: 870 | J79: 0 | K79: =K80 -> 34.25 | L79: =L80 -> 69.3
A80: Условно утвержденные расходы | B80: 89 | C80: 1 | D80: 00 | E80: 41990 | F80: 870 | G80: 99 | J80: 0 | K80: =K81 -> 34.25 | L80: =L81 -> 69.3
A81: Условно утвержденные расходы | B81: 89 | C81: 1 | D81: 00 | E81: 41990 | F81: 870 | G81: 99 | H81: 99 | J81: 0 | K81: =K82 -> 34.25 | L81: =L82 -> 69.3
A82: Администрация Сабаевского сельского поселения Кочкуровского муниципального района | B82: 89 | C82: 1 | D82: 00 | E82: 41990 | F82: 870 | G82: 99 | H82: 99 | I82: 920 | J82: 0 | K82: ='Приложение 2'!K126 -> 34.25 | L82: ='Приложение 2'!L126 -> 69.3
A83: Мероприятия по обеспечению пожарной безопасности | B83: 89 | C83: 1 | D83: 00 | E83: 42120 | J83: =J84 -> 5 | K83: =K84 -> 5 | L83: =L84 -> 5
A84: Закупка товаров, работ и услуг для обеспечения государственных (муниципальных) нужд | B84: 89 | C84: 1 | D84: 00 | E84: 42120 | F84: 200 | J84: =J85 -> 5 | K84: =K85 -> 5 | L84: =L85 -> 5
A85: Иные закупки товаров, работ и услуг для обеспечения государственных (муниципальных) нужд | B85: 89 | C85: 1 | D85: 00 | E85: 42120 | F85: 240 | J85: =J86 -> 5 | K85: =K86 -> 5 | L85: =L86 -> 5
A86: Национальная безопасность и правоохранительная деятельность | B86: 89 | C86: 1 | D86: 00 | E86: 42120 | F86: 240 | G86: 03 | J86: =J87 -> 5 | K86: =K87 -> 5 | L86: =L87 -> 5
A87: Защита населения и территории от чрезвычайных ситуаций природного и техногенного характера, пожарная безопасность | B87: 89 | C87: 1 | D87: 00 | E87: 42120 | F87: 240 | G87: 03 | H87: 10 | J87: =J88 -> 5 | K87: =K88 -> 5 | L87: =L88 -> 5
A88: Администрация Сабаевского сельского поселения Кочкуровского муниципального района | B88: 89 | C88: 1 | D88: 00 | E88: 42120 | F88: 240 | G88: 03 | H88: 10 | I88: 920 | J88: ='Приложение 2'!J70 -> 5 | K88: ='Приложение 2'!K70 -> 5 | L88: ='Приложение 2'!L70 -> 5
A89: Уличное освещений | B89: 89 | C89: 1 | D89: 00 | E89: 43010 | J89: =J90 -> 148.5 | K89: =K90 -> 40 | L89: =L90 -> 5.3
A90: Закупка товаров, работ и услуг для обеспечения государственных (муниципальных) нужд | B90: 89 | C90: 1 | D90: 00 | E90: 43010 | F90: 200 | J90: =J91 -> 148.5 | K90: =K91 -> 40 | L90: =L91 -> 5.3
A91: Иные закупки товаров, работ и услуг для обеспечения государственных (муниципальных) нужд | B91: 89 | C91: 1 | D91: 00 | E91: 43010 | F91: 240 | J91: =J92 -> 148.5 | K91: =K92 -> 40 | L91: =L92 -> 5.3
A92: Жилищно-коммунальное хозяйство | B92: 89 | C92: 1 | D92: 00 | E92: 43010 | F92: 240 | G92: 05 | J92: =J93 -> 148.5 | K92: =K93 -> 40 | L92: =L93 -> 5.3
A93: Благоустройство | B93: 89 | C93: 1 | D93: 00 | E93: 43010 | F93: 240 | G93: 05 | H93: 03 | J93: =J94 -> 148.5 | K93: =K94 -> 40 | L93: =L94 -> 5.3
A94: Администрация Сабаевского сельского поселения Кочкуровского муниципального района | B94: 89 | C94: 1 | D94: 00 | E94: 43010 | F94: 240 | G94: 05 | H94: 03 | I94: 920 | J94: ='Приложение 2'!J99 -> 148.5 | K94: ='Приложение 2'!K99 -> 40 | L94: ='Приложение 2'!L99 -> 5.3
A95: Прочие мероприятия по благоустройству | B95: 89 | C95: 1 | D95: 00 | E95: 43040 | J95: =J96 -> 89.1 | K95: =K96 -> 7.3 | L95: =L96 -> 7
A96: Закупка товаров, работ и услуг для обеспечения государственных (муниципальных) нужд | B96: 89 | C96: 1 | D96: 00 | E96: 43040 | F96: 200 | J96: =J97 -> 89.1 | K96: =K97 -> 7.3 | L96: =L97 -> 7
A97: Иные закупки товаров, работ и услуг для обеспечения государственных (муниципальных) нужд | B97: 89 | C97: 1 | D97: 00 | E97: 43040 | F97: 240 | J97: =J98 -> 89.1 | K97: =K98 -> 7.3 | L97: =L98 -> 7
A98: Жилищно-коммунальное хозяйство | B98: 89 | C98: 1 | D98: 00 | E98: 43040 | F98: 240 | G98: 05 | J98: =J99 -> 89.1 | K98: =K99 -> 7.3 | L98: =L99 -> 7
A99: Благоустройство | B99: 89 | C99: 1 | D99: 00 | E99: 43040 | F99: 240 | G99: 05 | H99: 03 | J99: =J100 -> 89.1 | K99: =K100 -> 7.3 | L99: =L100 -> 7
A100: Администрация Сабаевского сельского поселения Кочкуровского муниципального района | B100: 89 | C100: 1 | D100: 00 | E100: 43040 | F100: 240 | G100: 05 | H100: 03 | I100: 920 | J100: ='Приложение 2'!J102 -> 89.1 | K100: ='Приложение 2'!K102 -> 7.3 | L100: ='Приложение 2'!L102 -> 7
A101: Осуществление полномочий по организации в границах поселения электро-, тепло-, газо- и водоснабжения населения, водоотведения, снабжения населения топливом в пределах полномочий, установленных законодательством Российской Федерации | B101: 89 | C101: 1 | D101: 00 | E101: 44101 | J101: =J102 -> 1 | K101: =K102 -> 1 | L101: =L102 -> 1
...

Sheet Приложение 5
F1: Приложение 1 к решению Совета депутатов Сабаевского сельского поселения «О бюджете Сабаевского сельского поселения на 2023 год и на плановый период 2024 и 2025 годов» от __________г №_____
A2: РАСПРЕДЕЛЕНИЕ БЮДЖЕТНЫХ АССИГНОВАНИЙ БЮДЖЕТА САБАЕВСКОГО СЕЛЬСКОГО ПОСЕЛЕНИЯ НА ОСУЩЕСТВЛЕНИЕ БЮДЖЕТНЫХ ИНВЕСТИЦИЙ В ФОРМЕ КАПИТАЛЬНЫХ ВЛОЖЕНИЙ В ОБЪЕКТЫ МУНИЦИПАЛЬНОЙ СОБСТВЕННОСТИ НА 2023 ГОД И НА ПЛАНОВЫЙ ПЕРИОД 2024 И 2025 ГОДОВ
A4: Наименование | B4: Цср | F4: Рз | G4: Прз | H4: Адм | I4: Сумма
I5: 2023 год | J5: 2024 год | K5: 2025 год
A6: 1 | B6: 2 | C6: 3 | D6: 4 | E6: 5 | F6: 6 | G6: 7 | H6: 8 | I6: 9 | J6: 10 | K6: 11
A7: ВСЕГО | I7: =I16+I60+I8 -> 2441.54 | J7: =J16+J60+J8 -> 2480.95 | K7: =K16+K60+K8 -> 2499
A8: Программа «Комплексное развитие транспортной инфраструктуры Сабаевского сельского поселения Кочкуровского муниципального района Республики Мордовия на 2021-2028 годы» | B8: 13 | I8: =I9 -> 519.3 | J8: =J9 -> 989 | K8: =K9 -> 989
A9: Основное мероприятие "обеспечение сохранности автомобильных дорог местного значения путем выполнения эксплуатационных и ремонтных мероприятий; ямочный ремонт, разметка дорог, установка дорожных знаков, обкашивание дорожных обочин, очистка дорог от снега." | B9: 13 | C9: 0 | D9: 0 1 | I9: =I10 -> 519.3 | J9: =J10 -> 989 | K9: =K10 -> 989
A10: Осуществление полномочий по дорожной деятельности в отношении автомобильных дорог местного значения в границах населенных пунктов поселения и обеспечению безопасности дорожного движения на них, включая создание и обеспечение функционирования парковок (парковочных мест), осуществление муниципального контроля за сохранностью автомобильных дорог местного значения в границах населенных пунктов поселения, организация дорожного движения, а также осуществление иных полномочий в области использования автомобильных дорог и осуществления дорожной деятельности в соответствии с законодательством Российской Федерации | B10: 13 | C10: 0 | D10: 0 1 | E10: 44102 | I10: =I11 -> 519.3 | J10: =J11 -> 989 | K10: =K11 -> 989
A11: Закупка товаров, работ и услуг для обеспечения государственных (муниципальных) нужд | B11: 13 | C11: 0 | D11: 0 1 | E11: 44102 | I11: =I12 -> 519.3 | J11: =J12 -> 989 | K11: =K12 -> 989
A12: Иные закупки товаров, работ и услуг для обеспечения государственных (муниципальных) нужд | B12: 13 | C12: 0 | D12: 0 1 | E12: 44102 | I12: =I13 -> 519.3 | J12: =J13 -> 989 | K12: =K13 -> 989
A13: Национальная экономика | B13: 13 | C13: 0 | D13: 0 1 | E13: 44102 | F13: 04 | I13: =I14 -> 519.3 | J13: =J14 -> 989 | K13: =K14 -> 989
A14: Дорожное хозяйство (дорожные фонды) | B14: 13 | C14: 0 | D14: 0 1 | E14: 44102 | F14: 04 | G14: 09 | I14: =I15 -> 519.3 | J14: =J15 -> 989 | K14: =K15 -> 989
A15: Администрация Сабаевского сельского поселения Кочкуровского муниципального района | B15: 13 | C15: 0 | D15: 0 1 | E15: 44102 | F15: 04 | G15: 09 | H15: 920 | I15: ='Приложение 2'!J77 -> 519.3 | J15: ='Приложение 2'!K77 -> 989 | K15: ='Приложение 2'!L77 -> 989
A16: Обеспечение деятельности администрации Сабаевского сельского поселения Кочкуровского муниципального района Республики Мордовия | B16: 65 | I16: =I17+I29 -> 1303.2 | J16: =J17+J29 -> 1051.6 | K16: =K17+K29 -> 1065.3
A17: Глава Сабаевского сельского поселения Кочкуровского муниципального района Республики Мордовия | B17: 65 | C17: 1 | D17: 00 | I17: =I18 -> 381.2 | J17: =J18 -> 331.2 | K17: =K18 -> 331.2
A18: Расходы на выплаты по оплате труда высшего должностного лица | B18: 65 | C18: 1 | D18: 00 | E18: 41150 | I18: =I19 -> 381.2 | J18: =J19 -> 331.2 | K18: =K19 -> 331.2
A19: Расходы на выплаты персоналу в целях обеспечения выполнения функций государственными (муниципальными) органами, казенными учреждениями, органами управления государственными внебюджетными фондами | B19: 65 | C19: 1 | D19: 00 | E19: 41150 | I19: =I20 -> 381.2 | J19: =J20 -> 331.2 | K19: =K20 -> 331.2
A20: Расходы на выплаты персоналу государственных (муниципальных) органов | B20: 65 | C20: 1 | D20: 00 | E20: 41150 | I20: =I21 -> 381.2 | J20: =J21 -> 331.2 | K20: =K21 -> 331.2
A21: Общегосударственные вопросы | B21: 65 | C21: 1 | D21: 00 | E21: 41150 | F21: 01 | I21: =I22+I26 -> 381.2 | J21: =J22 -> 331.2 | K21: =K22 -> 331.2
A22: Функционирование высшего должностного лица субъекта Российской Федерации и муниципального образования | B22: 65 | C22: 1 | D22: 00 | E22: 41150 | F22: 01 | G22: 02 | I22: =I23 -> 231.2 | J22: =J23 -> 331.2 | K22: =K23 -> 331.2
A23: Администрация Сабаевского сельского поселения Кочкуровского муниципального района | B23: 65 | C23: 1 | D23: 00 | E23: 41150 | F23: 01 | G23: 02 | H23: 920 | I23: ='Приложение 2'!J14 -> 231.2 | J23: ='Приложение 2'!K14 -> 331.2 | K23: ='Приложение 2'!L14 -> 331.2
A24: Субсидии на софинансирование расходных обязательств поселений | B24: 65 | C24: 1 | D24: 00 | E24: 44205 | I24: =I25 -> 150
A25: Субсидии на софинансирование расходных обязательст по финансовому обеспечению деятельности органов местного самоуправления и муниципальных учреждений | B25: 65 | C25: 1 | D25: 00 | E25: 44205 | I25: =I26 -> 150
A26: Общегосударственные вопросы | B26: 65 | C26: 1 | D26: 00 | E26: 44205 | F26: 01 | I26: =I27 -> 150
A27: Функционирование высшего должностного лица субъекта Российской Федерации и муниципального образования | B27: 65 | C27: 1 | D27: 00 | E27: 44205 | F27: 01 | G27: 02 | I27: =I28 -> 150
A28: Администрация Сабаевского сельского поселения Кочкуровского муниципального района | B28: 65 | C28: 1 | D28: 00 | E28: 44205 | F28: 01 | G28: 02 | H28: 920 | I28: ='Приложение 2'!J18 -> 150
A29: Непрограммные расходы в рамках обеспечения деятельности администрации Сабаевского сельского поселения Кочкуровского муниципального района Республики Мордовия | B29: 65 | C29: 4 | I29: =I30+I36+I54+I47 -> 922 | J29: =J30+J36+J54 -> 720.4 | K29: =K30+K36+K54 -> 734.1
A30: Расходы на выплаты по оплате труда работников органов местного самоуправления | B30: 65 | C30: 4 | D30: 00 | E30: 41110 | I30: =I31 -> 508.6 | J30: =J31 -> 445.7 | K30: =K31 -> 462.9
A31: Расходы на выплаты персоналу в целях обеспечения выполнения функций государственными (муниципальными) органами, казенными учреждениями, органами управления государственными внебюджетными фондами | B31: 65 | C31: 4 | D31: 00 | E31: 41110 | I31: =I32 -> 508.6 | J31: =J32 -> 445.7 | K31: =K32 -> 462.9
A32: Расходы на выплаты персоналу государственных (муниципальных) органов | B32: 65 | C32: 4 | D32: 00 | E32: 41110 | I32: =I33 -> 508.6 | J32: =J33 -> 445.7 | K32: =K33 -> 462.9
A33: Общегосударственные вопросы | B33: 65 | C33: 4 | D33: 00 | E33: 41110 | F33: 01 | I33: =I34 -> 508.6 | J33: =J34 -> 445.7 | K33: =K34 -> 462.9
A34: Функционирование Правительства Российской Федерации, высших исполнительных органов государственной власти субъектов Российской Федерации, местных администраций | B34: 65 | C34: 4 | D34: 00 | E34: 41110 | F34: 01 | G34: 04 | I34: =I35 -> 508.6 | J34: =J35 -> 445.7 | K34: =K35 -> 462.9
A35: Администрация Сабаевского сельского поселения Кочкуровского муниципального района | B35: 65 | C35: 4 | D35: 00 | E35: 41110 | F35: 01 | G35: 04 | H35: 920 | I35: ='Приложение 2'!J24 -> 508.6 | J35: ='Приложение 2'!K24 -> 445.7 | K35: ='Приложение 2'!L24 -> 462.9
A36: Расходы на обеспечение функций органов местного самоуправления | B36: 65 | C36: 4 | D36: 00 | E36: 41120 | I36: =I37+I42 -> 312.2 | J36: =J37+J42 -> 274.2 | K36: =K37+K42 -> 270.7
A37: Закупка товаров, работ и услуг для обеспечения государственных (муниципальных) нужд | B37: 65 | C37: 4 | D37: 00 | E37: 41120 | I37: =I38 -> 142.2 | J37: =J38 -> 148.2 | K37: =K38 -> 143.2
A38: Иные закупки товаров, работ и услуг для обеспечения государственных (муниципальных) нужд | B38: 65 | C38: 4 | D38: 00 | E38: 41120 | I38: =I39 -> 142.2 | J38: =J39 -> 148.2 | K38: =K39 -> 143.2
A39: Общегосударственные вопросы | B39: 65 | C39: 4 | D39: 00 | E39: 41120 | F39: 01 | I39: =I40 -> 142.2 | J39: =J40 -> 148.2 | K39: =K40 -> 143.2
A40: Функционирование Правительства Российской Федерации, высших исполнительных органов государственной власти субъектов Российской Федерации, местных администраций | B40: 65 | C40: 4 | D40: 00 | E40: 41120 | F40: 01 | G40: 04 | I40: =I41 -> 142.2 | J40: =J41 -> 148.2 | K40: =K41 -> 143.2
A41: Администрация Сабаевского сельского поселения Кочкуровского муниципального района | B41: 65 | C41: 4 | D41: 00 | E41: 41120 | F41: 01 | G41: 04 | H41: 920 | I41: ='Приложение 2'!J27 -> 142.2 | J41: ='Приложение 2'!K27 -> 148.2 | K41: ='Приложение 2'!L27 -> 143.2
A42: Иные бюджетные ассигнования | B42: 65 | C42: 4 | D42: 00 | E42: 41120 | I42: =I43 -> 170 | J42: =J43 -> 126 | K42: =K43 -> 127.5
A43: Уплата налогов, сборов и иных платежей | B43: 65 | C43: 4 | D43: 00 | E43: 41120 | I43: =I44 -> 170 | J43: =J44 -> 126 | K43: =K44 -> 127.5
A44: Общегосударственные вопросы | B44: 65 | C44: 4 | D44: 00 | E44: 41120 | F44: 01 | I44: =I45 -> 170 | J44: =J45 -> 126 | K44: =K45 -> 127.5
A45: Функционирование Правительства Российской Федерации, высших исполнительных органов государственной власти субъектов Российской Федерации, местных администраций | B45: 65 | C45: 4 | D45: 00 | E45: 41120 | F45: 01 | G45: 04 | I45: =I46 -> 170 | J45: =J46 -> 126 | K45: =K46 -> 127.5
A46: Администрация Сабаевского сельского поселения Кочкуровского муниципального района | B46: 65 | C46: 4 | D46: 00 | E46: 41120 | F46: 01 | G46: 04 | H46: 920 | I46: ='Приложение 2'!J29 -> 170 | J46: ='Приложение 2'!K29 -> 126 | K46: ='Приложение 2'!L29 -> 127.5
A47: Субсидии на софинансирование расходных обязательств поселений | B47: 65 | C47: 4 | D47: 00 | E47: 44205 | I47: =I48 -> 100.7
A48: Субсидии на софинансирование расходных обязательств по финансовому обеспечению деятельности органов местного самоуправления и муниципальных учреждений | B48: 65 | C48: 4 | D48: 00 | E48: 44205 | I48: =I49 -> 100.7
A49: Расходы на выплаты персоналу в целях обеспечения выполнения функций государственными (муниципальными) органами, казенными учреждениями, органами управления государственными внебюджетными фондами | B49: 65 | C49: 4 | D49: 00 | E49: 44205 | I49: =I50 -> 100.7
A50: Расходы на выплаты персоналу государственных (муниципальных) органов | B50: 65 | C50: 4 | D50: 00 | E50: 44205 | I50: =I51 -> 100.7
A51: Общегосударственные вопросы | B51: 65 | C51: 4 | D51: 00 | E51: 44205 | F51: 01 | I51: =I52 -> 100.7
A52: Функционирование Правительства Российской Федерации, высших исполнительных органов государственной власти субъектов Российской Федерации, местных администраций | B52: 65 | C52: 4 | D52: 00 | E52: 44205 | F52: 01 | G52: 04 | I52: =I53 -> 100.7
A53: Администрация Сабаевского сельского поселения Кочкуровского муниципального района | B53: 65 | C53: 4 | D53: 00 | E53: 44205 | F53: 01 | G53: 04 | H53: 920 | I53: ='Приложение 2'!J33 -> 100.7
A54: Осуществление государственных полномочий Республики Мордовия по определению перечня должностных лиц, уполномоченных составлять протоколы об административных правонарушениях, предусмотренных Законом Республики Мордовия от 15 июня 2015 года № 38-З "Об админ | B54: 65 | C54: 4 | D54: 00 | E54: 77150 | I54: =I55 -> 0.5 | J54: =J55 -> 0.5 | K54: =K55 -> 0.5
A55: Закупка товаров, работ и услуг для обеспечения государственных (муниципальных) нужд | B55: 65 | C55: 4 | D55: 00 | E55: 77150 | I55: =I56 -> 0.5 | J55: =J56 -> 0.5 | K55: =K56 -> 0.5
A56: Иные закупки товаров, работ и услуг для обеспечения государственных (муниципальных) нужд | B56: 65 | C56: 4 | D56: 00 | E56: 77150 | I56: =I57 -> 0.5 | J56: =J57 -> 0.5 | K56: =K57 -> 0.5
A57: Общегосударственные вопросы | B57: 65 | C57: 4 | D57: 00 | E57: 77150 | F57: 01 | I57: =I58 -> 0.5 | J57: =J58 -> 0.5 | K57: =K58 -> 0.5
A58: Функционирование Правительства Российской Федерации, высших исполнительных органов государственной власти субъектов Российской Федерации, местных администраций | B58: 65 | C58: 4 | D58: 00 | E58: 77150 | F58: 01 | G58: 04 | I58: =I59 -> 0.5 | J58: =J59 -> 0.5 | K58: =K59 -> 0.5
A59: Администрация Сабаевского сельского поселения Кочкуровского муниципального района | B59: 65 | C59: 4 | D59: 00 | E59: 77150 | F59: 01 | G59: 04 | H59: 920 | I59: ='Приложение 2'!J36 -> 0.5 | J59: ='Приложение 2'!K36 -> 0.5 | K59: ='Приложение 2'!L36 -> 0.5
A60: Непрограммные расходы главных распорядителей бюджетных средств местного бюджета | B60: 89 | I60: =I61 -> 619.04 | J60: =J61 -> 440.35 | K60: =K61 -> 444.7
A61: Непрограммные расходы в рамках обеспечения деятельности главных распорядителей бюджетных средств местного бюджета | B61: 89 | C61: 1 | I61: =I128+I134+I139+I122+I98+I116+I86+I92+I110+I104+I62+I80+I74+I68 -> 619.04 | J61: =J128+J134+J139+J122+J98+J116+J86+J92+J110+J104+J62+J80+J74+J68 -> 440.35 | K61: =K128+K134+K139+K122+K98+K116+K86+K92+K110+K104+K62+K80+K74+K68 -> 444.7
A62: Доплаты к пенсиям муниципальных служащих Республики Мордовия | B62: 89 | C62: 1 | D62: 00 | E62: 03010 | I62: =I63 -> 224.4 | J62: =J63 -> 224.4 | K62: =K63 -> 224.4
A63: Социальное обеспечение и иные выплаты населению | B63: 89 | C63: 1 | D63: 00 | E63: 03010 | I63: =I64 -> 224.4 | J63: =J64 -> 224.4 | K63: =K64 -> 224.4
A64: Публичные нормативные социальные выплаты гражданам | B64: 89 | C64: 1 | D64: 00 | E64: 03010 | I64: =I65 -> 224.4 | J64: =J65 -> 224.4 | K64: =K65 -> 224.4
A65: Социальная политика | B65: 89 | C65: 1 | D65: 00 | E65: 03010 | F65: 10 | I65: =I66 -> 224.4 | J65: =J66 -> 224.4 | K65: =K66 -> 224.4
A66: Пенсионное обеспечение | B66: 89 | C66: 1 | D66: 00 | E66: 03010 | F66: 10 | G66: 01 | I66: =I67 -> 224.4 | J66: =J67 -> 224.4 | K66: =K67 -> 224.4
A67: Администрация Сабаевского сельского поселения Кочкуровского муниципального района | B67: 89 | C67: 1 | D67: 00 | E67: 03010 | F67: 10 | G67: 01 | H67: 920 | I67: ='Приложение 2'!J119 -> 224.4 | J67: ='Приложение 2'!K119 -> 224.4 | K67: ='Приложение 2'!L119 -> 224.4
A68: Проведение выборов депутатов Совета депутатов Сабаевского сельского поселения Кочкуровского муниципального района Республики Мордовия | B68: 89 | C68: 1 | D68: 00 | E68: 41130 | I68: =I69 -> 23.44
A69: Иные бюджетные ассигнования | B69: 89 | C69: 1 | D69: 00 | E69: 41130 | I69: =I70 -> 23.44
A70: Специальные расходы | B70: 89 | C70: 1 | D70: 00 | E70: 41130 | I70: =I71 -> 23.44
A71: Общегосударственные вопросы | B71: 89 | C71: 1 | D71: 00 | E71: 41130 | F71: 01 | I71: =I72 -> 23.44
A72: Обеспечение проведения выборов и референдумов | B72: 89 | C72: 1 | D72: 00 | E72: 41130 | F72: 01 | G72: 07 | I72: =I73 -> 23.44
A73: Администрация Сабаевского сельского поселения Кочкуровского муниципального района | B73: 89 | C73: 1 | D73: 00 | E73: 41130 | F73: 01 | G73: 07 | H73: 920 | I73: ='Приложение 2'!J48 -> 23.44
A74: Мероприятия по обеспечению пожарной безопасности | B74: 89 | C74: 1 | D74: 00 | E74: 42120 | I74: =I75 -> 5 | J74: =J75 -> 5 | K74: =K75 -> 5
A75: Закупка товаров, работ и услуг для обеспечения государственных (муниципальных) нужд | B75: 89 | C75: 1 | D75: 00 | E75: 42120 | I75: =I76 -> 5 | J75: =J76 -> 5 | K75: =K76 -> 5
A76: Иные закупки товаров, работ и услуг для обеспечения государственных (муниципальных) нужд | B76: 89 | C76: 1 | D76: 00 | E76: 42120 | I76: =I77 -> 5 | J76: =J77 -> 5 | K76: =K77 -> 5
A77: Национальная безопасность и правоохранительная деятельность | B77: 89 | C77: 1 | D77: 00 | E77: 42120 | F77: 03 | I77: =I78 -> 5 | J77: =J78 -> 5 | K77: =K78 -> 5
A78: Защита населения и территории от чрезвычайных ситуаций природного и техногенного характера, пожарная безопасность | B78: 89 | C78: 1 | D78: 00 | E78: 42120 | F78: 03 | G78: 10 | I78: =I79 -> 5 | J78: =J79 -> 5 | K78: =K79 -> 5
A79: Администрация Сабаевского сельского поселения Кочкуровского муниципального района | B79: 89 | C79: 1 | D79: 00 | E79: 42120 | F79: 03 | G79: 10 | H79: 920 | I79: ='Приложение 2'!J70 -> 5 | J79: ='Приложение 2'!K70 -> 5 | K79: ='Приложение 2'!L70 -> 5
A80: Условно утвержденные расходы | B80: 89 | C80: 1 | D80: 00 | E80: 41990 | I80: =I81 -> 0 | J80: =J81 -> 34.25 | K80: =K81 -> 69.3
A81: Иные бюджетные ассигнования | B81: 89 | C81: 1 | D81: 00 | E81: 41990 | I81: =I82 -> 0 | J81: =J82 -> 34.25 | K81: =K82 -> 69.3
A82: Резервные средства | B82: 89 | C82: 1 | D82: 00 | E82: 41990 | I82: 0 | J82: =J83 -> 34.25 | K82: =K83 -> 69.3
A83: Условно утвержденные расходы | B83: 89 | C83: 1 | D83: 00 | E83: 41990 | F83: 99 | I83: 0 | J83: =J84 -> 34.25 | K83: =K84 -> 69.3
A84: Условно утвержденные расходы | B84: 89 | C84: 1 | D84: 00 | E84: 41990 | F84: 99 | G84: 99 | I84: 0 | J84: =J85 -> 34.25 | K84: =K85 -> 69.3
A85: Администрация Сабаевского сельского поселения Кочкуровского муниципального района | B85: 89 | C85: 1 | D85: 00 | E85: 41990 | F85: 99 | G85: 99 | H85: 920 | I85: 0 | J85: ='Приложение 2'!K126 -> 34.25 | K85: ='Приложение 2'!L126 -> 69.3
A86: Уличное освещений | B86: 89 | C86: 1 | D86: 00 | E86: 43010 | I86: =I87 -> 148.5 | J86: =J87 -> 40 | K86: =K87 -> 5.3
A87: Закупка товаров, работ и услуг для обеспечения государственных (муниципальных) нужд | B87: 89 | C87: 1 | D87: 00 | E87: 43010 | I87: =I88 -> 148.5 | J87: =J88 -> 40 | K87: =K88 -> 5.3
A88: Иные закупки товаров, работ и услуг для обеспечения государственных (муниципальных) нужд | B88: 89 | C88: 1 | D88: 00 | E88: 43010 | I88: =I89 -> 148.5 | J88: =J89 -> 40 | K88: =K89 -> 5.3
A89: Жилищно-коммунальное хозяйство | B89: 89 | C89: 1 | D89: 00 | E89: 43010 | F89: 05 | I89: =I90 -> 148.5 | J89: =J90 -> 40 | K89: =K90 -> 5.3
A90: Благоустройство | B90: 89 | C90: 1 | D90: 00 | E90: 43010 | F90: 05 | G90: 03 | I90: =I91 -> 148.5 | J90: =J91 -> 40 | K90: =K91 -> 5.3
A91: Администрация Сабаевского сельского поселения Кочкуровского муниципального района | B91: 89 | C91: 1 | D91: 00 | E91: 43010 | F91: 05 | G91: 03 | H91: 920 | I91: ='Приложение 2'!J99 -> 148.5 | J91: ='Приложение 2'!K99 -> 40 | K91: ='Приложение 2'!L99 -> 5.3
A92: Прочие мероприятия по благоустройству | B92: 89 | C92: 1 | D92: 00 | E92: 43040 | I92: =I93 -> 89.1 | J92: =J93 -> 7.3 | K92: =K93 -> 7
A93: Закупка товаров, работ и услуг для обеспечения государственных (муниципальных) нужд | B93: 89 | C93: 1 | D93: 00 | E93: 43040 | I93: =I94 -> 89.1 | J93: =J94 -> 7.3 | K93: =K94 -> 7
A94: Иные закупки товаров, работ и услуг для обеспечения государственных (муниципальных) нужд | B94: 89 | C94: 1 | D94: 00 | E94: 43040 | I94: =I95 -> 89.1 | J94: =J95 -> 7.3 | K94: =K95 -> 7
A95: Жилищно-коммунальное хозяйство | B95: 89 | C95: 1 | D95: 00 | E95: 43040 | F95: 05 | I95: =I96 -> 89.1 | J95: =J96 -> 7.3 | K95: =K96 -> 7
A96: Благоустройство | B96: 89 | C96: 1 | D96: 00 | E96: 43040 | F96: 05 | G96: 03 | I96: =I97 -> 89.1 | J96: =J97 -> 7.3 | K96: =K97 -> 7
A97: Администрация Сабаевского сельского поселения Кочкуровского муниципального района | B97: 89 | C97: 1 | D97: 00 | E97: 43040 | F97: 05 | G97: 03 | H97: 920 | I97: ='Приложение 2'!J102 -> 89.1 | J97: ='Приложение 2'!K102 -> 7.3 | K97: ='Приложение 2'!L102 -> 7
A98: Осуществление полномочий по организации в границах поселения электро-, тепло-, газо- и водоснабжения населения, водоотведения, снабжения населения топливом в пределах полномочий, установленных законодательством Российской Федерации | B98: 89 | C98: 1 | D98: 00 | E98: 44101 | I98: =I99 -> 1 | J98: =J99 -> 1 | K98: =K99 -> 1
A99: Закупка товаров, работ и услуг для обеспечения государственных (муниципальных) нужд | B99: 89 | C99: 1 | D99: 00 | E99: 44101 | I99: =I100 -> 1 | J99: =J100 -> 1 | K99: =K100 -> 1
A100: Иные закупки товаров, работ и услуг для обеспечения государственных (муниципальных) нужд | B100: 89 | C100: 1 | D100: 00 | E100: 44101 | I100: =I101 -> 1 | J100: =J101 -> 1 | K100: =K101 -> 1
A101: Жилищно-коммунальное хозяйство | B101: 89 | C101: 1 | D101: 00 | E101: 44101 | F101: 05 | I101: =I102 -> 1 | J101: =J102 -> 1 | K101: =K102 -> 1
...

Sheet Приложение 6
B1: Приложение 6 к решению Совета депутатов Сабаевского сельского поселения «О бюджете Сабаевского сельского поселения на 2023 год и на плановый период 2024 и 2025 годов» от __________г №_____
A7: РАСПРЕДЕЛЕНИЕ ИНЫХ МЕЖБЮДЖЕТНЫХ ТРАНСФЕРТОВ САБАЕВСКОГО СЕЛЬСКОГО ПОСЕЛЕНИЯ НА 2023 ГОД И НА ПЛАНОВЫЙ ПЕРИОД 2024 И 2025 ГОДОВ
A9: Наименование | B9: Сумма (тыс. руб.)
B10: 2023 год | C10: 2024 год | D10: 2025 год
A11: 1 | B11: 2 | C11: 3 | D11: 4
A12: Составление проекта бюджета, исполнение бюджета,осуществление конроля за его исполнение, составление отчета об исполнении бюджета сельского поселения | B12: 4.3 | C12: 0 | D12: 0
A13: ВСЕГО

Sheet Приложение 7
C1: Приложение 7 к решению Совета депутатов Сабаевского сельского поселения «О бюджете Сабаевского сельского поселения на 2023 год и на плановый период 2024 и 2025 годов» от __________г №_____
A7: ИСТОЧНИКИ ВНУТРЕННЕГО ФИНАНСИРОВАНИЯ ДЕФИЦИТА БЮДЖЕТА САБАЕВСКОГО СЕЛЬСКОГО ПОСЕЛЕНИЯ НА 2023 ГОД И НА ПЛАНОВЫЙ ПЕРИОД 2024 и 2025 ГОДОВ
A9: Код | B9: Наименование кода группы, подгруппы, статьи, вида источника финансирования дефицитов бюджетов, кода классификации операций сектора государственного управления, относящихся к источникам финансирования дефицитов бюджетов Российской Федерации | C9: Сумма (тыс. руб.)
C10: 2022 год | D10: 2023 год | E10: 2024 год
A11: 1 | B11: 2 | C11: 3 | D11: 4 | E11: 5
A12: 000 01 00 00 00 00 0000 000 | B12: ИСТОЧНИКИ ВНУТРЕННЕГО ФИНАНСИРОВАНИЯ ДЕФИЦИТОВ БЮДЖЕТОВ | C12: 0 | D12: 0 | E12: 0
A13: 000 01 03 00 00 00 0000 000 | B13: Бюджетные кредиты из других бюджетов бюджетной системы Российской Федерации | D13: =D14 -> 0 | E13: =E14 -> 0
A14: 000 01 03 01 00 00 0000 000 | B14: Погашение бюджетных кредитов, полученных от других бюджетов бюджетной системы Российской Федерации в валюте Российской Федерации | D14: =D15 -> 0 | E14: =E15 -> 0
A15: 000 01 03 01000100000810 | B15: Погашение бюджетами сельских поселений кредитов от других бюджетов бюджетной системы Российской Федерации в валюте Российской Федерации | D15: 0 | E15: 0
A16: 000 01 05 00 00 00 0000 000 | B16: Изменение остатков средств на счетах по учету средств бюджета
A17: 000 01 05 00 00 00 0000 500 | B17: Увеличение остатков средств бюджетов | C17: =C18 -> -2441.5 | D17: =D18 -> -2481 | E17: =E18 -> -2499
A18: 000 01 05 02 01 00 0000 510 | B18: Увеличение прочих остатков денежных средств бюджетов | C18: =C19 -> -2441.5 | D18: =D19 -> -2481 | E18: =E19 -> -2499
A19: 000 01 05 02 01 10 0000 510 | B19: Увеличение прочих остатков денежных средств бюджетов муниципальных районов | C19: -2441.5 | D19: -2481 | E19: -2499
A20: 000 01 05 00 00 00 0000 600 | B20: Уменьшение остатков средств бюджетов | C20: =C21 -> 2441.5 | D20: =D21 -> 2481 | E20: =E21 -> 2499
A21: 000 01 05 02 01 00 0000 610 | B21: Уменьшение прочих остатков денежных средств бюджетов | C21: =C22 -> 2441.5 | D21: =D22 -> 2481 | E21: =E22 -> 2499
A22: 000 01 05 02 01 10 0000 610 | B22: Уменьшение прочих остатков денежных средств бюджетов муниципальных районов | C22: 2441.5 | D22: 2481 | E22: 2499

Sheet Приложение 8
G1: Приложение 8
G2: к решению Совета депутатов
E3: Сабаевского сельского поселения Кочкуровского муниципального района
B4: Республики Мордовия «О бюджете Сабаевского сельского поселения
E5: на 2023 год и на плановый период 2024 и 2025 годов"
G6: от _______2022 г. №_______
A9: ПРОГРАММА МУНИЦИПАЛЬНЫХ ВНУТРЕННИХ ЗАИМСТВОВАНИЙ САБАЕВСКОГО СЕЛЬСКОГО ПОСЕЛЕНИЯ КОЧКУРОВСКОГО МУНИЦИПАЛЬНОГО РАЙОНА РЕСПУБЛИКИ МОРДОВИЯ НА 2023 ГОД И НА ПЛАНОВЫЙ ПЕРИОД 2024 И 2025 ГОДОВ
A11: № п/п | B11: Виды заимствований | F11: Сумма (тыс. рублей)
F12: 2023 год | G12: 2024 год | I12: 2025 год
A13: 1 | B13: Кредиты кредитных организаций в валюте Российской Федерации Федерации | F13: 0 | G13: 0 | I13: 0
B14: объем привлечения | F14: 0 | G14: 0 | I14: 0
B15: объем средств, направляемых на погашение основной суммы долга | F15: 0 | G15: 0 | I15: 0
A16: 2 | B16: Бюджетные кредиты от других бюджетов бюджетной системы Российской Федерации | F16: 0 | G16: 0 | I16: 0
B17: объем привлечения | F17: 0 | G17: 0 | I17: 0
B18: объем средств, направляемых на погашение основной суммы долга | F18: 0 | G18: 0 | I18: 0
B19: ВСЕГО
